 Dungeon Crawl Stone Soup version 0.31-a0-236-g9a0961fb85 (webtiles) character file.

Game seed: 6206963010640559581

536194 qw the Conqueror (level 25, -6/187 HPs)
             Began as a Gargoyle Hexslinger on July 10, 2023.
             Was an Elder of Okawaru.
             Mangled by Tiamat
             ... wielding a +4 glaive
              (16 damage)
             ... on level 2 of the Realm of Zot.
             The game lasted 00:25:09 (43923 turns).

qw the Conqueror (Gargoyle Hexslinger)             Turns: 43923, Time: 00:25:09

Health: -6/187     AC: 39    Str: 23    XL:     25   Next: 82%
Magic:  37/40      EV: 46    Int: 14    God:    Okawaru [****..]
Gold:   487        SH:  0    Dex: 34    Spells: 25/26 levels left

rFire   + + +        x - +9 triple crossbow of Xadd {flame, Str+5}
rCold   + + .        (shield currently unavailable)
rNeg    + . .        C - +3 leather armour of Generosity {rF- Will+ Regen+}
rPois   inf          n - +2 hat of the Arena {Str+4 Int-5 Dex+3}
rElec   +            t - +2 cloak {Will+}
rCorr   +            m - +2 pair of gloves "Vuang" {rF+ Will+}
SInv    +            F - +4 pair of boots of Peckouto {rC+}
Will    +++..        u - amulet "Raqaavunt" {Faith rElec rC+ Int+3}
Stlth   ++++         e - ring of Orthodoxy {rPois rF++ Will- Dex+9}
HPRegen 1.31/turn    r - ring "Quocenic" {rF+++ rCorr MP+9 Dex+2 SInv}
MPRegen 0.27/turn

%: faith
@: about to teleport, heroic, finesse-ful, corroded, flying
A: sickness immunity, AC +19, big wings, negative energy resistance 1,
electricity resistance, torment resistance 1, petrification resistance
}: 3/15 runes: decaying, serpentine, silver
a: Renounce Religion, Heroism, Finesse


You were on level 2 of the Realm of Zot.
You worshipped Okawaru.
Okawaru was greatly pleased with you.
You visited 8 branches of the dungeon, and saw 41 of its levels.

You collected 6766 gold pieces.
You spent 6279 gold pieces at shops.


Innate Abilities, Weirdness & Mutations

You are immune to sickness and miasma.
Your stone body is resilient. (AC +19)
You are immune to poison.
Your large and strong wings let you fly.
You resist negative energy. (rN+)
You are resistant to electric shocks. (rElec)
You are resistant to unholy torment.
You are immune to petrification.


   Skills:
 O Level 27 Fighting
 - Level 22.0(27) Ranged Weapons
 - Level 13.0(18.0) Armour
 + Level 21.4(26.4) Dodging
 - Level 1.0 Spellcasting
 - Level 2.6 Hexes
 - Level 11.6 Invocations


You had 25 spell levels left.
You knew the following spells:

 Your Spells              Type           Power      Damage    Failure   Level
a - Slow                  Hex            32%        N/A       10%         1

Your spell library contained the following spells:

 Spells                   Type           Power      Damage    Failure   Level
 Inner Flame              Hex/Fire       4%         N/A       43%         3
 Portal Projectile        Hex/Tloc       8%         N/A       43%         3
 Cause Fear               Hex            4%         N/A       67%         4

Inventory:

Hand Weapons
 x - the +9 triple crossbow of Xadd (weapon) {flame, Str+5}
   (Okawaru gifted it to you on level 14 of the Dungeon)

   Str:       It affects your strength (+5).
Armour
 b - a +0 troll leather armour
 k - a +2 robe of resistance
 m - the +2 pair of gloves "Vuang" (worn) {rF+ Will+}
   (Okawaru gifted it to you on level 4 of the Vaults)

   rF:        It protects you from fire.
   Will:      It increases your willpower.
 n - the +2 hat of the Arena (worn) {Str+4 Int-5 Dex+3}
   (Okawaru gifted it to you on level 4 of the Swamp)

   Str:       It affects your strength (+4).
   Int:       It affects your intelligence (-5).
   Dex:       It affects your dexterity (+3).
 t - a +2 cloak of willpower (worn)
 v - a +3 leather armour of cold resistance
 y - a scarf of resistance
 C - the +3 leather armour of Generosity (worn) {rF- Will+ Regen+}
   (You took it off a vampire mage on level 4 of the Depths)

   rF:        It makes you vulnerable to fire.
   Regen:     It increases your rate of health regeneration.
   Will:      It increases your willpower.
 F - the +4 pair of boots of Peckouto (worn) {rC+}
   (Okawaru gifted it to you on level 5 of the Vaults)

   rC:        It protects you from cold.
 G - a +2 pair of gloves of strength
Jewellery
 e - the ring of Orthodoxy (left hand) {rPois rF++ Will- Dex+9}
   (You found it on level 8 of the Dungeon)

   [ring of poison resistance]

   Dex:       It affects your dexterity (+9).
   rF:        It greatly protects you from fire.
   rPois:     It protects you from poison.
   Will:      It decreases your willpower.
 g - the ring of Sif Hoaxiott {rF+ Will+ Str+2 Dex+3 Stlth+}
   (You bought it in a shop on level 4 of the Snake Pit)

   [ring of willpower]

   Str:       It affects your strength (+2).
   Dex:       It affects your dexterity (+3).
   rF:        It protects you from fire.
   Will:      It increases your willpower.
   Stlth:     It makes you more stealthy.
 q - an amulet of reflection
 r - the ring "Quocenic" (right hand) {rF+++ rCorr MP+9 Dex+2 SInv}
   (You bought it in a shop on level 1 of the Depths)

   [ring of magical power]

   Dex:       It affects your dexterity (+2).
   rF:        It renders you almost immune to fire.
   MP:        It affects your magic capacity (+9).
   SInv:      It lets you see invisible.
   rCorr:     It protects you from acid and corrosion.
 u - the amulet "Raqaavunt" (around neck) {Faith rElec rC+ Int+3}
   (You bought it in a shop on level 4 of the Snake Pit)

   [amulet of faith]

   It allows you to gain divine favour quickly.
   Int:       It affects your intelligence (+3).
   rC:        It protects you from cold.
   rElec:     It insulates you from electricity.
 z - a +6 ring of dexterity
 Y - the ring of Soesizot {rPois Will+ rCorr Dex+4}
   (You bought it in a shop on level 3 of the Depths)

   [ring of willpower]

   Dex:       It affects your dexterity (+4).
   rPois:     It protects you from poison.
   rCorr:     It protects you from acid and corrosion.
   Will:      It increases your willpower.
Wands
 s - a wand of digging (12)
Scrolls
 a - 13 scrolls of identify
 f - 5 scrolls of teleportation
 o - 10 scrolls of enchant weapon
 A - a scroll of brand weapon
 B - 2 scrolls of enchant armour
Potions
 c - 14 potions of curing
 d - 2 potions of cancellation
 h - 4 potions of resistance
 i - 2 potions of magic
 j - 11 potions of enlightenment
 l - 4 potions of mutation
 p - 6 potions of might
 w - a potion of haste

Dungeon Overview and Level Annotations

Branches:
Dungeon (15/15)            Temple (0/1) D:5            Lair (5/5) D:8
  Swamp (4/4) Lair:3        Snake (4/4) Lair:3        Slime (0/5) Lair:5
    Orc (2/2) D:11            Elf (0/3) Orc:2        Vaults (5/5) D:13
  Crypt (0/3) Vaults:3     Depths (4/4) D:15            Zot (2/5) Depths:4

Altars:
Ashenzari
Cheibriados
Dithmenos
Fedhas
Hepliaklqana
Makhleb
Okawaru
Trog
Uskayaw
Vehumet
Xom
Jiyva

Shops:
D:8 [   D:11 :   Orc:2 =(=[   Snake:2 *(   Snake:4 *(*=**   Vaults:4 =
Depths:1 *(==   Depths:3 =:=

Portals:
Hell: Depths:1 Depths:2 Depths:3 Depths:4
Abyss: Depths:3 Depths:4
Pandemonium: Depths:2
Ziggurat: Depths:1

Annotations:
D:11 4 runed translucent doors, qw's ghost, journeyman MiHs
Snake:2 2 transporters, qw's ghost, adept MiHs
Depths:1 exclusion: great orb of eyes
Zot:2 Tiamat


Message History

You feel strangely unstable.
You feel the Orb delaying your translocation!
The black draconian knight completely misses you.
The komodo dragon completely misses you. x2
Tiamat completely misses you.
The white draconian stormcaller completely misses you.
The black draconian knight hits you but does no damage.
You shoot a bolt.
The bolt hits the white draconian stormcaller!!!
The bolt burns the white draconian stormcaller.
You kill the white draconian stormcaller!
Okawaru accepts your kill.
The komodo dragon disappears in a puff of smoke! x2
The lindwurm disappears in a puff of smoke!
You shoot a bolt.
The bolt hits Tiamat but does no damage.
The black draconian knight breathes lightning at you.
The bolt of lightning misses you. Tiamat completely misses you.
You shoot a bolt. The bolt hits Tiamat!!!
The bolt burns Tiamat!
Tiamat is lightly wounded.
The black draconian knight gestures at you while chanting.
The bolt of cold misses you.
You shoot a bolt. The bolt hits Tiamat!!
The bolt burns Tiamat.
Tiamat is moderately wounded.
Tiamat misses you.
The black draconian knight closely misses you.
You shoot a bolt. The bolt hits Tiamat!
The bolt burns Tiamat.
Tiamat is moderately wounded.
You shoot a bolt. The bolt hits Tiamat!
The bolt burns Tiamat.
Tiamat is moderately wounded.
The black draconian knight closely misses you.
Tiamat barely misses you.
You shoot a bolt. The bolt hits Tiamat!!!
The bolt burns Tiamat.
Tiamat is heavily wounded.
The black draconian knight barely misses you.
You shoot a bolt.
The bolt hits Tiamat but does no damage.
Tiamat is heavily wounded.
Tiamat hits you from afar with a +4 glaive!
You die...

....#.##..#####..#
....#.###..###..##
<...#.# ##..#...#
...##'#####...#'#####
###'................#
.................#
....)............####
............))...'..?
..........%d)@...####
...........q[)...#
.................#
..............[..#
.......$...#
...........#
.......)...#
...........#


You could see Tiamat and a black draconian knight (fast, invisible).

Vanquished Creatures
  2 dread liches (Vaults:5)
  An ancient lich (Vaults:5)
  A juggernaut (Depths:2)
  Frederick (Depths:4)
  Vashnia (Snake:2)
  Nikola (Depths:1)
  6 golden dragons
  3 doom hounds (Zot:2)
  8 tentacled monstrosities
  Rupert (Lair:5)
  Asterion (Snake:1)
  3 liches
  4 titans
  Grunn (Zot:2)
  4 death cobs
  2 draconian monks
  6 sphinxes
  8 storm dragons
  A thorn hunter (Swamp:4)
  Kirke (Swamp:3)
  A fenstrider witch (Swamp:4)
  Roxanne (Snake:2)
  12 nagarajas
  7 shadow dragons
  6 tengu reavers
  2 draconian knights
  14 fire giants
  13 frost giants
  An iron dragon (Vaults:5)
  2 deep elf sorcerers
  A draconian scorcher (Zot:2)
  17 vault wardens
  A balrug (Depths:2)
  A ghost moth (Zot:1)
  A caustic shrike zombie (Depths:3)
  17 stone giants
  Aizul (Swamp:3)
  Louise (Snake:1)
  2 draconian shifters
  16 very ugly things
  4 war gargoyles
  2 draconian stormcallers
  2 draconian annihilators
  19 ironbound preservers
  4 ironbound thunderhulks
  An orc warlord (Vaults:4)
  2 formless jellyfish (Vaults:2)
  7 eleionomae
  2 vampire knights
  Nessos (Lair:4)
  2 deep elf demonologists (Vaults:5)
  7 green draconians
  Azrael (D:14)
  5 purple draconians
  3 black draconians
  3 yellow draconians
  6 red draconians
  3 bunyips
  11 dire elephants
  15 spark wasps
  A spark wasp (shapeshifter) (Vaults:5)
  3 white draconians
  10 fire dragons
  16 ettins
  An ettin (shapeshifter) (Depths:1)
  A merfolk javelineer (Depths:4)
  6 jiangshi (Depths:4)
  5 shambling mangroves
  7 great orbs of eyes
  22 yaktaur captains
  2 entropy weavers
  38 vault guards
  2 deep elf high priests (Vaults:5)
  21 hydras
  4 ice dragons
  3 salamander tyrants
  2 rakshasas
  3 ogre magi
  A peacekeeper (Vaults:2)
  4 spriggan air magi
  6 boulder beetles
  10 ironbound frosthearts
  8 anacondas
  18 centaur warriors
  9 two-headed ogres
  2 dancing weapons (Depths:3)
  8 alligators
  29 naga warriors
  6 deep troll shamans
  6 tengu warriors
  3 vampire magi (Depths:4)
  3 orc high priests (Orc:2)
  5 death yaks (Lair:3)
  6 deep troll earth magi
  4 spriggan berserkers
  2 soul eaters (Depths:4)
  A deep elf knight (D:13)
  9 shock serpents
  15 naga sharpshooters
  A titan skeleton (Depths:3)
  6 hell knights (Depths:4)
  2 salamander mystics
  A skyshark (Lair:2)
  8 goliath frogs
  A sixfirhy (D:11)
  8 iron trolls
  72 deep trolls
  5 flayed ghosts
  A spriggan druid (Swamp:2)
  2 glowing orange brains
  17 swamp dragons
  12 wizards
  5 bog bodies
  20 ironbound convokers
  3 deep elf pyromancers
  7 necromancers
  9 lindwurms
  12 orc knights
  7 phantasmal warriors
  A deep elf zephyrmancer (Depths:3)
  5 naga ritualists
  2 harpies
  5 cyclopes
  10 mana vipers
  39 ugly things
  A manticore (D:10)
  A fire giant zombie (Vaults:4)
  7 moths of wrath
  A human zombie (Vaults:4)
  6 orc sorcerers
  22 salamanders
  A frost giant zombie (Vaults:1)
  2 will-o-the-wisps
  3 elephants (Lair:2)
  13 guardian serpents
  An iron dragon skeleton (Depths:3)
  A titan simulacrum (Depths:3)
  A rust devil (D:11)
  21 naga magi
  25 vault sentinels
  46 black mambas
  A cane toad (shapeshifter) (D:13)
  3 smoke demons
  4 gargoyles
  A hellion (Depths:4)
  9 cane toads
  Maggie (D:8)
  A rime drake (shapeshifter) (D:14)
  9 komodo dragons
  4 rime drakes
  A tengu conjurer (Depths:2)
  5 kobold demonologists
  27 yaktaurs
  2 bloated husks
  3 trolls
  2 polar bears
  8 tyrant leeches
  11 blink frogs
  14 hornets
  A tarantella (Vaults:3)
  13 dream sheep
  22 slime creatures
  2 vampires (D:11)
  3 shadows
  31 yaks
  9 spriggans
  3 air elementals (Depths:3)
  13 water elementals (Depths:4)
  A wraith (D:9)
  A hog (Swamp:3)
  6 fire elementals (D:14)
  A human (D:13)
  6 wyverns
  6 basilisks
  A human (shapeshifter) (D:13)
  A neqoxec (D:11)
  A steam dragon (D:8)
  2 redbacks (Vaults:3)
  A yaktaur simulacrum (Vaults:1)
  14 vampire mosquitoes
  A glowing shapeshifter zombie (Vaults:4)
  57 nagas
  3 acid dragons
  2 wargs
  11 water moccasins
  13 swamp worms
  A floating eye (Depths:2)
  2 hell hounds (D:14)
  4 ice beasts
  30 orc warriors
  10 swamp drakes
  10 ogres
  38 wolves
  14 centaurs
  2 human skeletons (Vaults:4)
  2 phantoms (D:4)
  8 kobold brigands
  20 bullfrogs
  2 earth elementals (Depths:3)
  2 gnoll sergeants
  2 human simulacra (Vaults:1)
  6 scorpions
  13 killer bees
  7 howler monkeys
  4 electric eels
  A crimson imp (D:11)
  2 iron imps (D:11)
  4 gnoll boudas
  7 hounds
  16 orc priests
  3 sleepcaps
  Natasha (D:4)
  10 iguanas
  28 orc wizards
  Robin (D:3)
  9 adders
  21 gnolls
  A shadow imp (D:11)
  4 white imps
  An ufetubus (D:6)
  A worm (D:4)
  2 dart slugs
  97 orcs
  7 ball pythons
  5 bats
  5 endoplasms
  6 giant cockroaches
  14 hobgoblins
  3 jackals (D:3)
  7 quokkas
  7 frilled lizards
  7 goblins
  21 kobolds
  11 rats
1798 creatures vanquished.

Vanquished Creatures (others)
  2 iron trolls (Depths:1)
  A deep troll (Depths:1)
  2 bloated husks (Swamp:3)
  3 hogs (Swamp:3)
  3 vampire mosquitoes (Swamp:3)
  A naga (Snake:4)
12 creatures vanquished.

Grand Total: 1810 creatures vanquished

Notes
Turn   | Place    | Note
-------+----------+-------------------------------------------
     0 | D:1      | qw the Gargoyle Hexslinger began the quest for the Orb.
     0 | D:1      | Reached XP level 1. HP: 12/12 MP: 2/2
     0 | D:1      | 0 ||| qw: Version: 0.3-a-52-g30416fa
     0 | D:1      | 0 ||| qw: Game counter: 4512
     0 | D:1      | 0 ||| qw: Melee chars always use a shield: true
     0 | D:1      | 0 ||| qw: God list: Okawaru
     0 | D:1      | 0 ||| qw: Allow faded altars: false
     0 | D:1      | 0 ||| qw: Do Orc after clearing Dungeon:15 true
     0 | D:1      | 0 ||| qw: Do second Lair branch before Depths: true
     0 | D:1      | 0 ||| qw: Lair rune preference: random
     0 | D:1      | 0 ||| qw: Goals: Normal
     0 | D:1      | 0 ||| PLANNING D:1-11
    93 | D:1      | Reached XP level 2. HP: 16/16 MP: 3/3
   266 | D:1      | Reached skill level 3 in Ranged Weapons
   378 | D:1      | Reached XP level 3. HP: 21/21 MP: 4/4
   418 | D:1      | Reached skill level 2 in Fighting
   767 | D:1      | 767 ||| UPGRADING to +0 ring mail.
   777 | D:1      | 777 ||| DROPPING +0 robe.
   778 | D:1      | 778 ||| UPGRADING to ring of protection from cold.
   779 | D:1      | 779 ||| UPGRADING to +4 ring of protection.
   780 | D:1      | 780 ||| DROPPING scroll of poison.
   935 | D:2      | Reached XP level 4. HP: 26/26 MP: 5/5
  1047 | D:2      | Reached skill level 1 in Armour
  1299 | D:2      | 1299 ||| DROPPING ring of wizardry.
  1300 | D:2      | 1300 ||| READING scroll labelled YCEOXI JIRCHAESS.
  1301 | D:2      | 1301 ||| READING scroll labelled YSALOT NUUHEH.
  1359 | D:3      | Found a snail-covered altar of Cheibriados.
  1541 | D:3      | Found an iron altar of Okawaru.
  1542 | D:3      | 1542 ||| PLANNING OKAWARU WORSHIP
  1542 | D:3      | 1542 ||| READING scroll labelled BUCLYU SIKHA.
  1550 | D:3      | Became a worshipper of Warmaster Okawaru
  1551 | D:3      | 1551 ||| PLANNING D:1-11
  1763 | D:3      | Noticed Robin
  1766 | D:3      | 1766 ||| Stepping ~*~*~tactically~*~*~ (outnumbered).
  1790 | D:3      | Killed Robin
  1791 | D:3      | Reached XP level 5. HP: 21/30 MP: 6/6
  2436 | D:3      | 2436 ||| UPGRADING to +0 helmet.
  2441 | D:3      | 2441 ||| READING 2 scrolls labelled JOESHR VEWI.
  2442 | D:3      | 2442 ||| DRINKING 2 pink potions.
  2443 | D:3      | 2443 ||| DROPPING potion of degeneration.
  2496 | D:4      | Reached skill level 3 in Fighting
  2546 | D:4      | Reached XP level 6. HP: 25/37 MP: 7/7
  2795 | D:4      | HP: 9/37 [gnoll/+0 spear (4)]
  2917 | D:4      | Found a bloodstained altar of Trog.
  3044 | D:4      | Reached skill level 6 in Ranged Weapons
  3143 | D:4      | Noticed Natasha
  3152 | D:4      | Reached * piety under Okawaru
  3153 | D:4      | Reached skill level 4 in Fighting
  3153 | D:4      | Reached XP level 7. HP: 21/43 MP: 8/8
  3153 | D:4      | 3153 ||| INVOKING Heroism.
  3159 | D:4      | Killed Natasha
  3300 | D:4      | 3300 ||| INVOKING Heroism.
  3307 | D:4      | HP: 10/43 [iguana (3)]
  3308 | D:4      | 3308 ||| READING 2 scrolls of teleportation.
  3716 | D:4      | 3716 ||| READING scroll labelled HOEPTA JEXI.
  3717 | D:4      | 3717 ||| READING scroll labelled MIDIESATRA.
  3718 | D:4      | 3718 ||| READING 4 scrolls of identify.
  3718 | D:4      | 3718 ||| IDENTIFYING green potion
  3719 | D:4      | 3719 ||| READING 3 scrolls of identify.
  3719 | D:4      | 3719 ||| IDENTIFYING metallic ruby potion
  3720 | D:4      | 3720 ||| READING 2 scrolls of identify.
  3720 | D:4      | 3720 ||| IDENTIFYING fizzy inky potion
  3721 | D:4      | 3721 ||| DROPPING potion of ambrosia.
  3731 | D:5      | Entered Level 5 of the Dungeon
  3751 | D:5      | Reached skill level 1 in Invocations
  3862 | D:5      | 3862 ||| FLEEEEING.
  3869 | D:5      | 3869 ||| FLEEEEING.
  3872 | D:5      | 3872 ||| FLEEEEING.
  3873 | D:5      | 3873 ||| FLEEEEING.
  3874 | D:5      | 3874 ||| FLEEEEING.
  3875 | D:5      | 3875 ||| FLEEEEING.
  3876 | D:5      | 3876 ||| FLEEEEING.
  3877 | D:5      | 3877 ||| FLEEEEING.
  3878 | D:5      | 3878 ||| FLEEEEING.
  3887 | D:5      | 3887 ||| FLEEEEING.
  3888 | D:5      | 3888 ||| FLEEEEING.
  3889 | D:5      | 3889 ||| STAIRDANCE
  3966 | D:5      | 3966 ||| DRINKING potion of curing.
  3966 | D:5      | 3966 ||| (to cure confusion)
  4115 | D:5      | 4115 ||| DRINKING potion of curing.
  4115 | D:5      | 4115 ||| (to cure confusion)
  4123 | D:5      | 4123 ||| INVOKING Heroism.
  4131 | D:5      | Reached skill level 3 in Invocations
  4135 | D:5      | Reached XP level 8. HP: 27/48 MP: 8/10
  4216 | D:5      | Found a staircase to the Ecumenical Temple.
  4367 | D:5      | 4367 ||| FLEEEEING.
  4490 | D:5      | 4490 ||| SWAPPING to +0 orcbow.
  4491 | D:5      | 4491 ||| DROPPING +1 sling.
  4494 | D:5      | Found a shimmering altar of Xom.
  4575 | D:5      | Reached ** piety under Okawaru
  4801 | D:5      | 4801 ||| UPGRADING to +0 cloak.
  4806 | D:5      | 4806 ||| UPGRADING to +0 pair of gloves.
  4811 | D:5      | 4811 ||| READING scroll labelled XOLEWARRUI.
  4811 | D:5      | Identified a scroll of acquirement
  4811 | D:5      | 4811 ||| ACQUIRING +6 hand crossbow of flaming
  4811 | D:5      | Acquired a +6 hand crossbow of flaming
  4813 | D:5      | 4813 ||| SWAPPING to +6 hand crossbow of flaming.
  4814 | D:5      | 4814 ||| DROPPING +0 orcbow.
  4815 | D:5      | 4815 ||| READING scroll labelled BUDGHE TAGGY.
  4816 | D:5      | 4816 ||| READING scroll labelled QOQIANLARCH.
  4817 | D:5      | 4817 ||| READING 2 scrolls of identify.
  4817 | D:5      | 4817 ||| IDENTIFYING blue potion
  4863 | D:6      | Found a broken altar of Ashenzari.
  4966 | D:6      | Reached skill level 5 in Fighting
  5064 | D:6      | 5064 ||| INVOKING Heroism.
  5144 | D:6      | Found a hide-covered altar of Uskayaw.
  5168 | D:6      | Reached skill level 9 in Ranged Weapons
  5426 | D:7      | You fall into a shaft and drop 3 floors!
  5426 | D:10     | Entered Level 10 of the Dungeon
  5455 | D:10     | 5455 ||| FLEEEEING.
  5456 | D:10     | 5456 ||| FLEEEEING.
  5457 | D:10     | 5457 ||| STAIRDANCE
  5459 | D:9      | 5459 ||| INVOKING Heroism.
  5463 | D:9      | Reached skill level 3 in Armour
  5463 | D:9      | Reached XP level 9. HP: 40/54 MP: 9/12
  5610 | D:8      | HP: 13/54 [killer bee (7)]
  5611 | D:8      | 5611 ||| READING scroll of teleportation.
  5611 | D:8      | HP: 5/54 [killer bee (3)]
  5612 | D:8      | 5612 ||| DRINKING 3 potions of heal wounds.
  5613 | D:8      | 5613 ||| INVOKING Heroism.
  5622 | D:8      | Reached skill level 6 in Fighting
  5624 | D:8      | Noticed Maggie
  5630 | D:8      | 5630 ||| INVOKING Heroism.
  5635 | D:8      | HP: 8/55 [wyvern (12)]
  5636 | D:8      | 5636 ||| DRINKING 2 potions of heal wounds.
  5639 | D:8      | Killed Maggie
  5640 | D:8      | 5640 ||| DRINKING potion of heal wounds.
  5669 | D:8      | 5669 ||| INVOKING Heroism.
  5769 | D:8      | 5769 ||| INVOKING Heroism.
  5772 | D:8      | Reached skill level 7 in Fighting
  5895 | D:8      | Noticed a hornet
  5904 | D:8      | Killed a hornet
  5904 | D:8      | Reached *** piety under Okawaru
  5908 | D:8      | Reached XP level 10. HP: 48/63 MP: 13/13
  5967 | D:8      | 5967 ||| UPGRADING to +0 steam dragon scales.
  5977 | D:8      | 5977 ||| DROPPING +0 ring mail.
  5978 | D:8      | 5978 ||| UPGRADING to +2 robe of resistance.
  5988 | D:8      | 5988 ||| READING scroll labelled BOBOGU POEH.
  5989 | D:8      | 5989 ||| READING 2 scrolls of identify.
  5989 | D:8      | 5989 ||| IDENTIFYING fuming yellow potion
  5990 | D:8      | 5990 ||| DROPPING potion of brilliance.
  6005 | D:7      | Reached skill level 3 in Dodging
  6005 | D:7      | 6005 ||| INVOKING Heroism.
  6146 | D:7      | Found a radiant altar of Vehumet.
  6146 | D:7      | Found a hazy altar of Hepliaklqana.
  6253 | D:7      | 6253 ||| INVOKING Heroism.
  6414 | D:7      | Reached skill level 8 in Fighting
  6491 | D:7      | Found a burning altar of Makhleb.
  6545 | D:7      | 6545 ||| DROPPING ring of flight.
  6546 | D:7      | 6546 ||| UPGRADING to +4 ring of slaying {mikee}.
  6548 | D:7      | 6548 ||| DROPPING ring of protection from cold.
  6549 | D:7      | 6549 ||| READING scroll labelled ULIEPETZAARGH.
  6614 | D:8      | Identified the ring of Orthodoxy {rPois rF++ Will- Dex+9}
  6749 | D:8      | Identified the +1 short sword "Peckuit" {heavy, Dex+3}
  6809 | D:8      | 6809 ||| INVOKING Heroism.
  6828 | D:8      | Found a staircase to the Lair.
  6879 | D:8      | 6879 ||| Stepping ~*~*~tactically~*~*~ (outnumbered).
  6881 | D:8      | 6881 ||| Stepping ~*~*~tactically~*~*~ (outnumbered).
  6883 | D:8      | 6883 ||| INVOKING Heroism.
  6911 | D:8      | 6911 ||| INVOKING Heroism.
  6931 | D:8      | Found Afuekhl Tali's Armour Shoppe.
  6959 | D:8      | 6959 ||| Stepping ~*~*~tactically~*~*~ (outnumbered).
  6961 | D:8      | 6961 ||| Stepping ~*~*~tactically~*~*~ (outnumbered).
  6963 | D:8      | 6963 ||| Stepping ~*~*~tactically~*~*~ (outnumbered).
  6965 | D:8      | 6965 ||| Stepping ~*~*~tactically~*~*~ (outnumbered).
  6966 | D:8      | 6966 ||| INVOKING Heroism.
  7219 | D:8      | 7219 ||| PLANNING LAIR
  7219 | D:8      | 7219 ||| UPGRADING to +0 pair of boots.
  7224 | D:8      | 7224 ||| UPGRADING to +1 cloak.
  7234 | D:8      | 7234 ||| DROPPING +0 cloak.
  7235 | D:8      | 7235 ||| UPGRADING to ring of Orthodoxy {rPois rF++ Will-
                  | Dex+9}.
  7237 | D:8      | 7237 ||| DROPPING +4 ring of slaying {mikee}.
  7238 | D:8      | 7238 ||| READING 2 scrolls of identify.
  7238 | D:8      | 7238 ||| IDENTIFYING grey potion
  7239 | D:8      | 7239 ||| DROPPING potion of invisibility.
  7281 | Lair:1   | Entered Level 1 of the Lair of Beasts
  7293 | Lair:1   | Noticed a cane toad
  7294 | Lair:1   | 7294 ||| INVOKING Heroism.
  7297 | Lair:1   | Killed a cane toad
  7350 | Lair:1   | 7350 ||| INVOKING Heroism.
  7353 | Lair:1   | Reached skill level 12 in Ranged Weapons
  7360 | Lair:1   | HP: 12/64 [komodo dragon (23)]
  7361 | Lair:1   | 7361 ||| READING scroll of teleportation.
  7363 | Lair:1   | 7363 ||| INVOKING Heroism.
  7428 | Lair:1   | 7428 ||| INVOKING Heroism.
  7460 | Lair:1   | 7460 ||| INVOKING Heroism.
  7563 | Lair:1   | Noticed a cane toad
  7564 | Lair:1   | 7564 ||| INVOKING Heroism.
  7569 | Lair:1   | Killed a cane toad
  7570 | Lair:1   | Reached XP level 11. HP: 68/68 MP: 11/14
  7681 | Lair:1   | Reached **** piety under Okawaru
  7686 | Lair:1   | 7686 ||| INVOKING Heroism.
  7709 | Lair:1   | 7709 ||| INVOKING Heroism.
  7723 | Lair:1   | You fall into a shaft and drop 1 floor!
  7727 | Lair:2   | Reached skill level 9 in Fighting
  7729 | Lair:2   | 7729 ||| INVOKING Heroism.
  7902 | Lair:1   | 7902 ||| INVOKING Heroism.
  8044 | Lair:1   | 8044 ||| INVOKING Heroism.
  8102 | Lair:1   | 8102 ||| INVOKING Heroism.
  8543 | Lair:2   | 8543 ||| INVOKING Heroism.
  8546 | Lair:2   | Reached skill level 6 in Dodging
  8561 | Lair:2   | Reached skill level 6 in Invocations
  8563 | Lair:2   | 8563 ||| INVOKING Heroism.
  8655 | Lair:2   | Noticed a skyshark
  8668 | Lair:2   | Killed a skyshark
  8789 | Lair:2   | 8789 ||| INVOKING Heroism.
  8813 | Lair:2   | 8813 ||| Stepping ~*~*~tactically~*~*~ (water).
  8815 | Lair:2   | 8815 ||| Stepping ~*~*~tactically~*~*~ (water).
  8817 | Lair:2   | 8817 ||| Stepping ~*~*~tactically~*~*~ (water).
  8829 | Lair:2   | Noticed a seven-headed hydra
  8830 | Lair:2   | 8830 ||| INVOKING Heroism.
  8831 | Lair:2   | 8831 ||| READING scroll labelled UHAUJ TIXTEIPH.
  8840 | Lair:2   | Killed a seven-headed hydra
  8841 | Lair:2   | Reached XP level 12. HP: 76/76 MP: 15/17
  8861 | Lair:2   | Identified the +0 chain mail of the Furies {rElec rC+ rN+
                  | Dex-5}
  8944 | Lair:2   | Reached ***** piety under Okawaru
  8954 | Lair:2   | Noticed a five-headed hydra
  8955 | Lair:2   | 8955 ||| INVOKING Heroism.
  8957 | Lair:2   | Killed a five-headed hydra
  9030 | Lair:2   | 9030 ||| INVOKING Heroism.
  9154 | Lair:2   | 9154 ||| INVOKING Heroism.
  9344 | Lair:2   | 9344 ||| READING 2 scrolls of identify.
  9344 | Lair:2   | 9344 ||| IDENTIFYING silvery potion
  9361 | Lair:3   | Noticed a five-headed hydra
  9362 | Lair:3   | 9362 ||| INVOKING Heroism.
  9365 | Lair:3   | Killed a five-headed hydra
  9366 | Lair:3   | Reached skill level 9 in Invocations
  9398 | Lair:3   | Reached skill level 10 in Fighting
  9460 | Lair:3   | 9460 ||| INVOKING Heroism.
  9462 | Lair:3   | Received a gift from Okawaru
  9462 | Lair:3   | Found the +2 shield of Resistance {rF++ rC++ Will++}
  9532 | Lair:3   | 9532 ||| Stepping ~*~*~tactically~*~*~ (outnumbered).
  9534 | Lair:3   | 9534 ||| Stepping ~*~*~tactically~*~*~ (outnumbered).
  9540 | Lair:3   | 9540 ||| Stepping ~*~*~tactically~*~*~ (outnumbered).
  9552 | Lair:3   | 9552 ||| Stepping ~*~*~tactically~*~*~ (outnumbered).
  9586 | Lair:3   | 9586 ||| Stepping ~*~*~tactically~*~*~ (outnumbered).
  9589 | Lair:3   | 9589 ||| Stepping ~*~*~tactically~*~*~ (outnumbered).
  9591 | Lair:3   | 9591 ||| Stepping ~*~*~tactically~*~*~ (outnumbered).
  9667 | Lair:3   | Found a staircase to the Snake Pit.
  9698 | Lair:3   | Reached skill level 15 in Ranged Weapons
  9792 | Lair:3   | 9792 ||| READING scroll of brand weapon.
  9792 | Lair:3   | 9792 ||| BRANDING +6 hand crossbow of freezing.
  9949 | Lair:3   | Found a staircase to the Swamp.
  9955 | Lair:3   | Noticed a boulder beetle
  9956 | Lair:3   | 9956 ||| INVOKING Heroism.
  9957 | Lair:3   | 9957 ||| INVOKING Finesse.
  9961 | Lair:3   | Killed a boulder beetle
  9962 | Lair:3   | Reached XP level 13. HP: 82/82 MP: 12/20
 10187 | Lair:3   | 10187 ||| INVOKING Heroism.
 10188 | Lair:3   | 10188 ||| INVOKING Finesse.
 10418 | Lair:4   | 10418 ||| READING scroll of enchant armour.
 10418 | Lair:4   | 10418 ||| ENCHANTING +0 pair of gloves.
 10604 | Lair:4   | 10604 ||| INVOKING Heroism.
 10795 | Lair:4   | Received a gift from Okawaru
 10857 | Lair:4   | Noticed Nessos
 10858 | Lair:4   | 10858 ||| INVOKING Finesse.
 10860 | Lair:4   | Killed Nessos
 10920 | Lair:4   | 10920 ||| SWAPPING to +2 longbow of flaming.
 10921 | Lair:4   | 10921 ||| DROPPING +6 heavy hand crossbow.
 10922 | Lair:4   | 10922 ||| READING scroll of brand weapon.
 10922 | Lair:4   | 10922 ||| BRANDING +2 longbow of flaming.
 11139 | Lair:4   | 11139 ||| INVOKING Heroism.
 11413 | Lair:5   | Entered Level 5 of the Lair of Beasts
 11413 | Lair:5   | Noticed Rupert
 11414 | Lair:5   | 11414 ||| INVOKING Heroism.
 11415 | Lair:5   | 11415 ||| INVOKING Finesse.
 11427 | Lair:5   | Killed Rupert
 11428 | Lair:5   | Reached skill level 11 in Fighting
 11537 | Lair:5   | Found a viscous altar of Jiyva.
 11539 | Lair:5   | Found a staircase to the Slime Pits.
 11587 | Lair:5   | 11587 ||| INVOKING Heroism.
 11600 | Lair:5   | 11600 ||| Stepping ~*~*~tactically~*~*~ (outnumbered).
 11665 | Lair:5   | 11665 ||| INVOKING Heroism.
 11667 | Lair:5   | Received a gift from Okawaru
 11696 | Lair:5   | 11696 ||| Stepping ~*~*~tactically~*~*~ (water).
 11703 | Lair:5   | 11703 ||| Stepping ~*~*~tactically~*~*~ (water).
 11852 | Lair:5   | 11852 ||| INVOKING Heroism.
 11891 | Lair:5   | Gained mutation: Your large and strong wings let you fly.
                  | [Gargoyle growth]
 11891 | Lair:5   | Reached XP level 14. HP: 90/90 MP: 21/21
 12081 | Lair:5   | 12081 ||| INVOKING Heroism.
 12141 | Lair:5   | 12141 ||| INVOKING Heroism.
 12280 | Lair:5   | 12280 ||| INVOKING Heroism.
 12319 | Lair:5   | Identified the ring "Zotreas" {rElec Will+ MP+9 Int+2
                  | Slay+3}
 12324 | Lair:5   | 12324 ||| PLANNING D:1-11
 12324 | Lair:5   | 12324 ||| UPGRADING to +2 cloak of willpower.
 12334 | Lair:5   | 12334 ||| DROPPING +1 cloak.
 12335 | Lair:5   | 12335 ||| DROPPING ring of ice.
 12336 | Lair:5   | 12336 ||| UPGRADING to ring "Zotreas" {rElec Will+ MP+9
                  | Int+2 Slay+3}.
 12378 | Lair:5   | 12378 ||| READING scroll labelled SAGHID POFUMEHIPS.
 12379 | Lair:5   | 12379 ||| READING 2 scrolls of identify.
 12379 | Lair:5   | 12379 ||| IDENTIFYING sapphire potion
 12709 | D:9      | 12709 ||| Stepping ~*~*~tactically~*~*~ (outnumbered).
 12747 | D:9      | Identified the scarf of the Villain {harm, rC+ Will- Int+3}
 13056 | D:9      | Identified the ring "Ustuigegg" {rElec rPois rC+ rCorr
                  | Dex-2}
 13064 | D:9      | 13064 ||| READING scroll of enchant weapon.
 13064 | D:9      | 13064 ||| ENCHANTING +3 longbow of draining.
 13412 | D:9      | Identified the ring "Aghurod" {Wiz Str-5 Int+4}
 13414 | D:9      | 13414 ||| DROPPING scarf of the Villain {harm, rC+ Will-
                  | Int+3}.
 13415 | D:9      | 13415 ||| DROPPING ring of fire.
 13416 | D:9      | 13416 ||| UPGRADING to +6 ring of dexterity.
 13418 | D:9      | 13418 ||| DROPPING +4 ring of protection.
 13419 | D:9      | 13419 ||| DROPPING ring "Ustuigegg" {rElec rPois rC+ rCorr
                  | Dex-2}.
 13420 | D:9      | 13420 ||| DROPPING ring "Aghurod" {Wiz Str-5 Int+4}.
 13421 | D:9      | 13421 ||| DROPPING ring "Zotreas" {rElec Will+ MP+9 Int+2
                  | Slay+3}.
 13422 | D:9      | 13422 ||| READING scroll labelled KITYPHEIDUN.
 13515 | D:10     | 13515 ||| FLEEEEING.
 13516 | D:10     | 13516 ||| FLEEEEING.
 13517 | D:10     | 13517 ||| FLEEEEING.
 13518 | D:10     | 13518 ||| STAIRDANCE
 13701 | D:10     | Found a blossoming altar of Fedhas.
 13916 | D:10     | 13916 ||| READING 2 scrolls of identify.
 13916 | D:10     | 13916 ||| IDENTIFYING glowing ruby potion
 13947 | D:11     | Found a runed translucent door.
 14000 | D:11     | Found Naocs's Book Shoppe.
 14040 | D:11     | Found a runed translucent gate.
 14040 | D:11     | Found a runed translucent gate.
 14040 | D:11     | Found a runed translucent gate.
 14100 | D:11     | Found a staircase to the Orcish Mines.
 14207 | D:11     | 14207 ||| Stepping ~*~*~tactically~*~*~ (outnumbered).
 14284 | D:11     | Noticed qw's ghost (journeyman MiHs)
 14346 | D:11     | Reached skill level 9 in Dodging
 14543 | D:11     | 14543 ||| Stepping ~*~*~tactically~*~*~ (outnumbered).
 14638 | D:11     | 14638 ||| PLANNING D
 14638 | D:11     | 14638 ||| READING scroll labelled BOXOXE DAOVI.
 14666 | D:12     | 14666 ||| Stepping ~*~*~tactically~*~*~ (outnumbered).
 14676 | D:12     | 14676 ||| Stepping ~*~*~tactically~*~*~ (outnumbered).
 14678 | D:12     | 14678 ||| Stepping ~*~*~tactically~*~*~ (outnumbered).
 14687 | D:12     | 14687 ||| Stepping ~*~*~tactically~*~*~ (outnumbered).
 14769 | D:12     | 14769 ||| INVOKING Heroism.
 14770 | D:12     | 14770 ||| READING 3 scrolls of teleportation.
 14844 | D:12     | 14844 ||| INVOKING Heroism.
 14845 | D:12     | 14845 ||| READING 2 scrolls of teleportation.
 15087 | D:12     | 15087 ||| UPGRADING to +1 pair of boots.
 15097 | D:12     | 15097 ||| DROPPING +0 pair of boots.
 15098 | D:12     | 15098 ||| UPGRADING to +2 hat.
 15108 | D:12     | 15108 ||| DROPPING +0 helmet.
 15207 | D:13     | Reached skill level 18 in Ranged Weapons
 15277 | D:13     | 15277 ||| READING scroll of enchant armour.
 15277 | D:13     | 15277 ||| ENCHANTING +1 pair of gloves.
 15675 | D:13     | Received a gift from Okawaru
 15677 | D:13     | 15677 ||| DROPPING +1 arbalest of draining.
 15752 | D:13     | 15752 ||| INVOKING Heroism.
 15767 | D:13     | Reached skill level 12 in Fighting
 15778 | D:13     | 15778 ||| Stepping ~*~*~tactically~*~*~ (outnumbered).
 15783 | D:13     | 15783 ||| Stepping ~*~*~tactically~*~*~ (outnumbered).
 15784 | D:13     | 15784 ||| Stepping ~*~*~tactically~*~*~ (outnumbered).
 15897 | D:13     | Found a gate to the Vaults.
 16333 | D:13     | 16333 ||| UPGRADING to amulet of faith.
 16418 | D:14     | Identified the +1 robe "Veussec" {Str+3}
 16457 | D:14     | Noticed Azrael
 16458 | D:14     | 16458 ||| INVOKING Heroism.
 16459 | D:14     | 16459 ||| INVOKING Finesse.
 16464 | D:14     | 16464 ||| Stepping ~*~*~tactically~*~*~ (outnumbered).
 16482 | D:14     | Killed Azrael
 16483 | D:14     | Reached XP level 15. HP: 85/96 MP: 15/22
 16706 | D:14     | Identified the +9 triple crossbow of Xadd {flame, Str+5}
                  | (Okawaru gifted it to you on level 14 of the Dungeon)
 16706 | D:14     | Received a gift from Okawaru
 16708 | D:14     | 16708 ||| SWAPPING to +9 triple crossbow of Xadd {flame,
                  | Str+5}.
 16709 | D:14     | 16709 ||| DROPPING +4 longbow of draining.
 16983 | D:14     | 16983 ||| DROPPING +1 robe "Veussec" {Str+3}.
 16984 | D:14     | 16984 ||| READING 2 scrolls of identify.
 16984 | D:14     | 16984 ||| IDENTIFYING smoky cyan potion
 16991 | D:15     | Entered Level 15 of the Dungeon
 16992 | D:15     | 16992 ||| INVOKING Heroism.
 16999 | D:15     | 16999 ||| STAIRDANCE
 16999 | D:15     | HP: 14/96 [meliai/divine providence (15)]
 17001 | D:14     | 17001 ||| READING 2 scrolls of teleportation.
 17002 | D:14     | 17002 ||| DRINKING 3 potions of heal wounds.
 17196 | D:15     | 17196 ||| INVOKING Heroism.
 17201 | D:15     | Paralysed by something for 5 turns
 17206 | D:15     | 17206 ||| STAIRDANCE
 17206 | D:15     | HP: 22/96 [two-headed ogre/+0 giant club (8)]
 17208 | D:14     | 17208 ||| READING scroll of teleportation.
 17208 | D:14     | HP: 9/96 [something (6)]
 17209 | D:14     | 17209 ||| DRINKING 2 potions of heal wounds.
 17401 | D:15     | 17401 ||| STAIRDANCE
 17403 | D:14     | 17403 ||| INVOKING Heroism.
 17500 | D:15     | 17500 ||| STAIRDANCE
 17564 | D:15     | 17564 ||| INVOKING Heroism.
 17571 | D:15     | Received a gift from Okawaru
 17661 | D:15     | Found a staircase to the Depths.
 17689 | D:15     | Reached skill level 13 in Fighting
 17725 | D:15     | 17725 ||| INVOKING Heroism.
 17737 | D:15     | Identified the +0 robe of the Armoured One {Stlth+}
 17852 | D:15     | Found a hazy altar of Hepliaklqana.
 17868 | D:15     | 17868 ||| PLANNING ORC
 17868 | D:15     | 17868 ||| DROPPING +1 pair of boots.
 17869 | D:15     | 17869 ||| READING 2 scrolls of identify.
 17869 | D:15     | 17869 ||| IDENTIFYING amethyst potion
 17870 | D:15     | 17870 ||| DROPPING potion of attraction.
 17960 | Orc:1    | Entered Level 1 of the Orcish Mines
 17965 | Orc:1    | 17965 ||| INVOKING Heroism.
 17966 | Orc:1    | 17966 ||| Stepping ~*~*~tactically~*~*~ (outnumbered).
 17975 | Orc:1    | 17975 ||| Stepping ~*~*~tactically~*~*~ (outnumbered).
 17979 | Orc:1    | 17979 ||| Stepping ~*~*~tactically~*~*~ (outnumbered).
 17982 | Orc:1    | 17982 ||| Stepping ~*~*~tactically~*~*~ (outnumbered).
 18116 | Orc:1    | 18116 ||| Stepping ~*~*~tactically~*~*~ (outnumbered).
 18118 | Orc:1    | 18118 ||| Stepping ~*~*~tactically~*~*~ (outnumbered).
 18120 | Orc:1    | 18120 ||| Stepping ~*~*~tactically~*~*~ (outnumbered).
 18228 | Orc:1    | Received a gift from Okawaru
 18244 | Orc:2    | Entered Level 2 of the Orcish Mines
 18281 | Orc:1    | 18281 ||| Stepping ~*~*~tactically~*~*~ (outnumbered).
 18796 | Orc:2    | 18796 ||| INVOKING Heroism.
 18957 | Orc:2    | 18957 ||| Stepping ~*~*~tactically~*~*~ (outnumbered).
 18959 | Orc:2    | 18959 ||| Stepping ~*~*~tactically~*~*~ (outnumbered).
 18961 | Orc:2    | 18961 ||| INVOKING Heroism.
 18984 | Orc:2    | 18984 ||| Stepping ~*~*~tactically~*~*~ (outnumbered).
 18986 | Orc:2    | 18986 ||| Stepping ~*~*~tactically~*~*~ (outnumbered).
 18988 | Orc:2    | 18988 ||| Stepping ~*~*~tactically~*~*~ (outnumbered).
 18989 | Orc:2    | 18989 ||| DRINKING 5 potions of curing.
 18989 | Orc:2    | 18989 ||| (to cure confusion)
 18990 | Orc:2    | 18990 ||| Stepping ~*~*~tactically~*~*~ (outnumbered).
 18991 | Orc:2    | 18991 ||| INVOKING Heroism.
 19009 | Orc:2    | 19009 ||| Stepping ~*~*~tactically~*~*~ (outnumbered).
 19014 | Orc:2    | 19014 ||| Stepping ~*~*~tactically~*~*~ (outnumbered).
 19051 | Orc:2    | 19051 ||| INVOKING Heroism.
 19063 | Orc:2    | Found Veyssier's Jewellery Boutique.
 19063 | Orc:2    | Found Siurodeh's Antique Armour Emporium.
 19065 | Orc:2    | Found Wiumup's Weapon Boutique.
 19065 | Orc:2    | Found Gahac's Jewellery Emporium.
 19071 | Orc:2    | 19071 ||| BUYING amulet of regeneration (360 gold).
 19071 | Orc:2    | Bought an amulet of regeneration for 360 gold pieces
 19074 | Orc:2    | 19074 ||| BUYING amulet of reflection (360 gold).
 19074 | Orc:2    | Bought an amulet of reflection for 360 gold pieces
 19076 | Orc:2    | 19076 ||| BUYING glowing ring mail (266 gold).
 19076 | Orc:2    | Bought a glowing ring mail for 266 gold pieces
 19076 | Orc:2    | 19076 ||| BUYING heavy robe (216 gold).
 19076 | Orc:2    | Bought a heavy robe for 216 gold pieces
 19076 | Orc:2    | Identified the +2 robe "Omnuym" {Dex+3 Stlth+} (You bought
                  | it in a shop on level 2 of the Orcish Mines)
 19076 | Orc:2    | 19076 ||| BUYING runed helmet (285 gold).
 19076 | Orc:2    | Bought a runed helmet for 285 gold pieces
 19076 | Orc:2    | 19076 ||| SHOPLISTING shiny swamp dragon scales (2014 gold,
                  | have 1089).
 19206 | Orc:2    | Found a staircase to the Elven Halls.
 19276 | Orc:2    | 19276 ||| PLANNING SNAKE:1-3
 19276 | Orc:2    | 19276 ||| DROPPING +0 steam dragon scales.
 19277 | Orc:2    | 19277 ||| DROPPING +1 leather armour of willpower.
 19278 | Orc:2    | 19278 ||| DROPPING +0 acid dragon scales.
 19279 | Orc:2    | 19279 ||| DROPPING +1 ring mail of poison resistance.
 19280 | Orc:2    | 19280 ||| UPGRADING to +1 helmet.
 19290 | Orc:2    | 19290 ||| DROPPING +2 hat.
 19291 | Orc:2    | 19291 ||| DROPPING amulet of regeneration.
 19418 | Snake:1  | Entered Level 1 of the Snake Pit
 19426 | Snake:1  | Noticed Louise
 19427 | Snake:1  | 19427 ||| INVOKING Heroism.
 19428 | Snake:1  | 19428 ||| INVOKING Finesse.
 19432 | Snake:1  | Killed Louise
 19713 | Snake:1  | Reached XP level 16. HP: 98/104 MP: 23/23
 19737 | Snake:1  | 19737 ||| READING scroll of acquirement.
 19737 | Snake:1  | 19737 ||| ACQUIRING 433 gold pieces
 19737 | Snake:1  | Acquired 433 gold pieces
 19873 | Snake:1  | Identified the +0 kite shield of Omission {rN+ Will- Int+5}
 19873 | Snake:1  | Noticed Asterion
 19874 | Snake:1  | 19874 ||| INVOKING Heroism.
 19875 | Snake:1  | 19875 ||| INVOKING Finesse.
 19880 | Snake:1  | Killed Asterion
 19939 | Snake:1  | 19939 ||| Stepping ~*~*~tactically~*~*~ (outnumbered).
 19945 | Snake:1  | Received a gift from Okawaru
 19977 | Snake:1  | 19977 ||| INVOKING Heroism.
 19978 | Snake:1  | 19978 ||| Stepping ~*~*~tactically~*~*~ (outnumbered).
 19991 | Snake:1  | Reached skill level 6 in Armour
 20286 | Snake:2  | 20286 ||| Stepping ~*~*~tactically~*~*~ (outnumbered).
 20288 | Snake:2  | 20288 ||| Stepping ~*~*~tactically~*~*~ (outnumbered).
 20290 | Snake:2  | 20290 ||| Stepping ~*~*~tactically~*~*~ (outnumbered).
 20292 | Snake:2  | 20292 ||| Stepping ~*~*~tactically~*~*~ (outnumbered).
 20295 | Snake:2  | 20295 ||| Stepping ~*~*~tactically~*~*~ (outnumbered).
 20297 | Snake:2  | 20297 ||| Stepping ~*~*~tactically~*~*~ (outnumbered).
 20387 | Snake:2  | Reached skill level 14 in Fighting
 20392 | Snake:2  | 20392 ||| INVOKING Heroism.
 20439 | Snake:2  | 20439 ||| Stepping ~*~*~tactically~*~*~ (outnumbered).
 20444 | Snake:2  | Identified Roxanne's Quarto of the Shapeshifter
 20444 | Snake:2  | Noticed Roxanne
 20445 | Snake:2  | 20445 ||| INVOKING Finesse.
 20449 | Snake:2  | Noticed a nagaraja
 20451 | Snake:2  | 20451 ||| INVOKING Heroism.
 20461 | Snake:2  | Killed a nagaraja
 20461 | Snake:2  | Received a gift from Okawaru
 20468 | Snake:2  | Killed Roxanne
 20785 | Snake:2  | Found a bloodstained altar of Trog.
 20785 | Snake:2  | Noticed qw's ghost (adept MiHs)
 20836 | Snake:2  | 20836 ||| Stepping ~*~*~tactically~*~*~ (outnumbered).
 20841 | Snake:2  | 20841 ||| Stepping ~*~*~tactically~*~*~ (outnumbered).
 20844 | Snake:2  | 20844 ||| Stepping ~*~*~tactically~*~*~ (outnumbered).
 20845 | Snake:2  | 20845 ||| Stepping ~*~*~tactically~*~*~ (outnumbered).
 20851 | Snake:2  | 20851 ||| Stepping ~*~*~tactically~*~*~ (outnumbered).
 20856 | Snake:2  | 20856 ||| Stepping ~*~*~tactically~*~*~ (outnumbered).
 20904 | Snake:2  | Found Sikh's Antique Weapon Shop.
 20913 | Snake:2  | Found Jegoj's General Store.
 20919 | Snake:2  | 20919 ||| BUYING potion of cancellation (80 gold).
 20919 | Snake:2  | Bought a potion of cancellation for 80 gold pieces
 20919 | Snake:2  | 20919 ||| BUYING scroll of teleportation (30 gold).
 20919 | Snake:2  | Bought a scroll of teleportation for 30 gold pieces
 20924 | Snake:2  | Noticed Vashnia
 20925 | Snake:2  | 20925 ||| Stepping ~*~*~tactically~*~*~ (outnumbered).
 20927 | Snake:2  | 20927 ||| Stepping ~*~*~tactically~*~*~ (outnumbered).
 20929 | Snake:2  | 20929 ||| Stepping ~*~*~tactically~*~*~ (outnumbered).
 20931 | Snake:2  | 20931 ||| Stepping ~*~*~tactically~*~*~ (outnumbered).
 20932 | Snake:2  | 20932 ||| INVOKING Heroism.
 20933 | Snake:2  | 20933 ||| INVOKING Finesse.
 20934 | Snake:2  | 20934 ||| INVOKING Finesse.
 20936 | Snake:2  | 20936 ||| Stepping ~*~*~tactically~*~*~ (outnumbered).
 20948 | Snake:2  | Killed Vashnia
 20948 | Snake:2  | Identified the +6 longbow of Goergh {antimagic, Dex+3}
                  | (Okawaru gifted it to you on level 2 of the Snake Pit)
 20948 | Snake:2  | Received a gift from Okawaru
 20961 | Snake:2  | Reached skill level 21 in Ranged Weapons
 20989 | Snake:2  | Found a transporter.
 20991 | Snake:2  | Found a transporter.
 21080 | Snake:2  | 21080 ||| INVOKING Heroism.
 21081 | Snake:2  | 21081 ||| Stepping ~*~*~tactically~*~*~ (outnumbered).
 21629 | Snake:2  | 21629 ||| READING scroll labelled VOXKUREYN.
 21708 | Snake:3  | 21708 ||| STAIRDANCE
 21712 | Snake:2  | Reached skill level 15 in Fighting
 21714 | Snake:2  | Reached ****** piety under Okawaru
 21714 | Snake:2  | Identified the +3 buckler "Okagg" {Str+4} (Okawaru gifted
                  | it to you on level 2 of the Snake Pit)
 21714 | Snake:2  | Received a gift from Okawaru
 21836 | Snake:3  | Reached XP level 17. HP: 113/113 MP: 24/24
 21976 | Snake:3  | 21976 ||| INVOKING Heroism.
 21981 | Snake:3  | HP: 28/113 [constriction (2)]
 21982 | Snake:3  | 21982 ||| READING 3 scrolls of teleportation.
 21983 | Snake:3  | 21983 ||| DRINKING potion of heal wounds.
 22092 | Snake:3  | 22092 ||| INVOKING Heroism.
 22267 | Snake:3  | Found a frozen archway.
 22397 | Snake:3  | 22397 ||| INVOKING Heroism.
 22753 | Snake:3  | 22753 ||| INVOKING Heroism.
 22822 | Snake:3  | 22822 ||| Stepping ~*~*~tactically~*~*~ (outnumbered).
 22824 | Snake:3  | 22824 ||| Stepping ~*~*~tactically~*~*~ (outnumbered).
 22826 | Snake:3  | 22826 ||| Stepping ~*~*~tactically~*~*~ (outnumbered).
 22828 | Snake:3  | 22828 ||| Stepping ~*~*~tactically~*~*~ (outnumbered).
 22830 | Snake:3  | 22830 ||| Stepping ~*~*~tactically~*~*~ (outnumbered).
 22832 | Snake:3  | Identified the +1 hat of the Depths {Int+4} (Okawaru gifted
                  | it to you on level 3 of the Snake Pit)
 22832 | Snake:3  | Received a gift from Okawaru
 23054 | Snake:3  | Found the +4 Cigotuvi's embrace {Corpsefed rMiasma Drain
                  | rN+}
 23247 | Snake:3  | 23247 ||| PLANNING SWAMP:1-3
 23247 | Snake:3  | 23247 ||| UPGRADING to +2 leather armour of cold
                  | resistance.
 23257 | Snake:3  | 23257 ||| DROPPING +1 hat of the Depths {Int+4}.
 23384 | Swamp:1  | Entered Level 1 of the Swamp
 23404 | Swamp:1  | 23404 ||| INVOKING Heroism.
 23563 | Swamp:1  | 23563 ||| INVOKING Heroism.
 23710 | Swamp:1  | 23710 ||| INVOKING Heroism.
 23811 | Swamp:1  | 23811 ||| INVOKING Heroism.
 24147 | Swamp:1  | 24147 ||| INVOKING Heroism.
 24405 | Swamp:2  | 24405 ||| INVOKING Heroism.
 24464 | Swamp:2  | 24464 ||| INVOKING Heroism.
 24669 | Swamp:2  | Reached skill level 12 in Dodging
 24747 | Swamp:2  | 24747 ||| DROPPING +2 hat.
 24748 | Swamp:2  | 24748 ||| DROPPING +5 ring of evasion.
 24749 | Swamp:2  | 24749 ||| READING 2 scrolls of identify.
 24749 | Swamp:2  | 24749 ||| IDENTIFYING cyan potion
 24750 | Swamp:2  | 24750 ||| DROPPING potion of berserk rage.
 24797 | Swamp:3  | 24797 ||| INVOKING Heroism.
 24812 | Swamp:3  | Noticed a tentacled monstrosity
 24813 | Swamp:3  | 24813 ||| INVOKING Finesse.
 24813 | Swamp:3  | Noticed Kirke
 24817 | Swamp:3  | 24817 ||| FLEEEEING.
 24818 | Swamp:3  | 24818 ||| FLEEEEING.
 24819 | Swamp:3  | 24819 ||| FLEEEEING.
 24820 | Swamp:3  | 24820 ||| FLEEEEING.
 24821 | Swamp:3  | 24821 ||| FLEEEEING.
 24822 | Swamp:3  | 24822 ||| FLEEEEING.
 24824 | Swamp:3  | 24824 ||| STAIRDANCE
 24992 | Swamp:3  | 24992 ||| INVOKING Heroism.
 24993 | Swamp:3  | 24993 ||| INVOKING Finesse.
 24998 | Swamp:3  | Killed a tentacled monstrosity
 25003 | Swamp:3  | Killed Kirke
 25050 | Swamp:3  | 25050 ||| STAIRDANCE
 25083 | Swamp:3  | 25083 ||| INVOKING Heroism.
 25217 | Swamp:3  | Noticed Aizul
 25218 | Swamp:3  | 25218 ||| INVOKING Heroism.
 25221 | Swamp:3  | 25221 ||| INVOKING Finesse.
 25225 | Swamp:3  | Killed Aizul
 25344 | Swamp:3  | 25344 ||| Stepping ~*~*~tactically~*~*~ (outnumbered).
 25346 | Swamp:3  | 25346 ||| Stepping ~*~*~tactically~*~*~ (outnumbered).
 25425 | Swamp:3  | Reached skill level 16 in Fighting
 25459 | Swamp:3  | 25459 ||| INVOKING Heroism.
 25461 | Swamp:3  | 25461 ||| Stepping ~*~*~tactically~*~*~ (outnumbered).
 25467 | Swamp:3  | Reached XP level 18. HP: 120/120 MP: 23/25
 25638 | Swamp:3  | 25638 ||| PLANNING SNAKE:4
 25832 | Snake:4  | Entered Level 4 of the Snake Pit
 25837 | Snake:4  | 25837 ||| Stepping ~*~*~tactically~*~*~ (outnumbered).
 25847 | Snake:4  | 25847 ||| INVOKING Heroism.
 25862 | Snake:4  | HP: 30/120 [salamander/+3 trident of protection (3)]
 25863 | Snake:4  | 25863 ||| READING 2 scrolls of teleportation.
 25871 | Snake:4  | HP: 22/120 [nagaraja/+0 club (12)]
 25872 | Snake:4  | 25872 ||| READING scroll of teleportation.
 25873 | Snake:4  | 25873 ||| DRINKING potion of heal wounds.
 25885 | Snake:4  | 25885 ||| INVOKING Heroism.
 25886 | Snake:4  | 25886 ||| Stepping ~*~*~tactically~*~*~ (outnumbered).
 25890 | Snake:4  | HP: 20/120 [salamander/arrow (11)]
 25897 | Snake:4  | HP: 15/120 [constriction (2)]
 25915 | Snake:4  | 25915 ||| INVOKING Heroism.
 25930 | Snake:4  | HP: 25/120 [naga sharpshooter/arrow (4)]
 25932 | Snake:4  | 25932 ||| Stepping ~*~*~tactically~*~*~ (outnumbered).
 25934 | Snake:4  | 25934 ||| Stepping ~*~*~tactically~*~*~ (outnumbered).
 26075 | Snake:4  | 26075 ||| INVOKING Heroism.
 26183 | Snake:4  | 26183 ||| INVOKING Heroism.
 26223 | Snake:4  | 26223 ||| INVOKING Heroism.
 26250 | Snake:4  | Reached skill level 9 in Armour
 26274 | Snake:4  | 26274 ||| INVOKING Heroism.
 26309 | Snake:4  | 26309 ||| INVOKING Heroism.
 26367 | Snake:4  | 26367 ||| INVOKING Heroism.
 26406 | Snake:4  | Reached skill level 17 in Fighting
 26436 | Snake:4  | Received a gift from Okawaru
 26458 | Snake:4  | 26458 ||| INVOKING Heroism.
 26528 | Snake:4  | 26528 ||| INVOKING Heroism.
 26687 | Snake:4  | 26687 ||| INVOKING Heroism.
 26702 | Snake:4  | Got a serpentine rune of Zot
 26783 | Snake:4  | Found Onaly's General Store.
 26787 | Snake:4  | Found Xezene's Assorted Antiques.
 26804 | Snake:4  | 26804 ||| BUYING golden potion (19 gold).
 26804 | Snake:4  | Bought a golden potion for 19 gold pieces
 26804 | Snake:4  | 26804 ||| BUYING potion of enlightenment (110 gold).
 26804 | Snake:4  | Bought a potion of enlightenment for 110 gold pieces
 26804 | Snake:4  | 26804 ||| BUYING potion of might (88 gold).
 26804 | Snake:4  | Bought a potion of might for 88 gold pieces
 26804 | Snake:4  | 26804 ||| BUYING scroll of enchant weapon (165 gold).
 26804 | Snake:4  | Bought a scroll of enchant weapon for 165 gold pieces
 26804 | Snake:4  | 26804 ||| BUYING scroll of identify (44 gold).
 26804 | Snake:4  | Bought a scroll of identify for 44 gold pieces
 26804 | Snake:4  | 26804 ||| BUYING scroll of identify (44 gold).
 26804 | Snake:4  | Bought a scroll of identify for 44 gold pieces
 26812 | Snake:4  | Found Tolak's Jewellery Shop.
 26819 | Snake:4  | 26819 ||| BUYING amulet "Raqaavunt" {Faith rElec rC+ Int+3}
                  | (1009 gold).
 26819 | Snake:4  | Bought the amulet "Raqaavunt" {Faith rElec rC+ Int+3} for
                  | 1009 gold pieces
 26819 | Snake:4  | 26819 ||| SHOPLISTING ring of Sif Hoaxiott {rF+ Will+ Str+2
                  | Dex+3 Stlth+} (784 gold, have 756).
 26900 | Snake:4  | Found Veogoo's Weapon Shop.
 26910 | Snake:4  | Found Hairuu's Assorted Antiques.
 26920 | Snake:4  | 26920 ||| BUYING golden potion (35 gold).
 26920 | Snake:4  | Bought a golden potion for 35 gold pieces
 26945 | Snake:4  | Found Kidoisar's Assorted Antiques.
 26948 | Snake:4  | 26948 ||| BUYING 2 murky emerald potions (43 gold).
 26948 | Snake:4  | Bought 2 murky emerald potions for 43 gold pieces
 26948 | Snake:4  | 26948 ||| BUYING dented steel amulet (120 gold).
 26948 | Snake:4  | Bought a dented steel amulet for 120 gold pieces
 26948 | Snake:4  | 26948 ||| SHOPLISTING scroll of acquirement (1248 gold,
                  | have 558).
 26948 | Snake:4  | 26948 ||| BUYING scroll of enchant weapon (180 gold).
 26948 | Snake:4  | Bought a scroll of enchant weapon for 180 gold pieces
 26948 | Snake:4  | 26948 ||| BUYING scroll of identify (48 gold).
 26948 | Snake:4  | Bought a scroll of identify for 48 gold pieces
 26985 | Snake:4  | 26985 ||| PLANNING VAULTS:1-4
 26985 | Snake:4  | 26985 ||| UPGRADING to amulet "Raqaavunt" {Faith rElec rC+
                  | Int+3}.
 26995 | Snake:4  | 26995 ||| UPGRADING to +4 Cigotuvi's embrace {Corpsefed
                  | rMiasma Drain rN+}.
 27005 | Snake:4  | 27005 ||| DROPPING amulet of faith.
 27006 | Snake:4  | 27006 ||| DROPPING amulet of guardian spirit.
 27007 | Snake:4  | 27007 ||| DROPPING +6 ring of strength.
 27008 | Snake:4  | 27008 ||| DRINKING 2 golden potions.
 27009 | Snake:4  | 27009 ||| DRINKING 2 murky emerald potions.
 27265 | Vaults:1 | Entered Level 1 of the Vaults
 27269 | Vaults:1 | 27269 ||| STAIRDANCE
 27272 | D:13     | Reached skill level 18 in Fighting
 27326 | D:13     | 27326 ||| DROPPING +2 leather armour of cold resistance.
 27327 | D:13     | 27327 ||| DROPPING +2 robe "Omnuym" {Dex+3 Stlth+}.
 27373 | Vaults:1 | 27373 ||| INVOKING Heroism.
 27537 | Vaults:1 | 27537 ||| READING scroll of enchant armour.
 27537 | Vaults:1 | 27537 ||| ENCHANTING +1 helmet.
 27658 | Vaults:1 | 27658 ||| Stepping ~*~*~tactically~*~*~ (outnumbered).
 27698 | Vaults:1 | Reached XP level 19. HP: 130/130 MP: 26/26
 27712 | Vaults:1 | 27712 ||| INVOKING Heroism.
 28140 | Vaults:1 | 28140 ||| Stepping ~*~*~tactically~*~*~ (outnumbered).
 28898 | Vaults:1 | 28898 ||| INVOKING Heroism.
 28899 | Vaults:1 | 28899 ||| Stepping ~*~*~tactically~*~*~ (outnumbered).
 28905 | Vaults:1 | 28905 ||| INVOKING Finesse.
 28949 | Vaults:1 | 28949 ||| INVOKING Heroism.
 28950 | Vaults:1 | 28950 ||| INVOKING Finesse.
 28995 | Vaults:1 | Identified the +1 orcbow of the Grim God {antimagic, rPois
                  | rF+++ Str+4 Int-4 SInv}
 29064 | Vaults:1 | 29064 ||| DROPPING +0 troll leather armour.
 29117 | Vaults:2 | 29117 ||| PLANNING BAZAAR
 29142 | Vaults:2 | Reached skill level 19 in Fighting
 29300 | Vaults:2 | 29300 ||| FLEEEEING.
 29301 | Vaults:2 | 29301 ||| FLEEEEING.
 29302 | Vaults:2 | 29302 ||| FLEEEEING.
 29306 | Vaults:2 | 29306 ||| FLEEEEING.
 29308 | Vaults:2 | 29308 ||| FLEEEEING.
 29309 | Vaults:2 | 29309 ||| FLEEEEING.
 29310 | Vaults:2 | 29310 ||| FLEEEEING.
 29311 | Vaults:2 | 29311 ||| FLEEEEING.
 29312 | Vaults:2 | 29312 ||| FLEEEEING.
 29313 | Vaults:2 | 29313 ||| FLEEEEING.
 29314 | Vaults:2 | 29314 ||| FLEEEEING.
 29320 | Vaults:2 | 29320 ||| FLEEEEING.
 29321 | Vaults:2 | 29321 ||| FLEEEEING.
 29322 | Vaults:2 | 29322 ||| FLEEEEING.
 29323 | Vaults:2 | 29323 ||| FLEEEEING.
 29324 | Vaults:2 | 29324 ||| STAIRDANCE
 29449 | Vaults:1 | 29449 ||| UPGRADING to +0 troll leather armour.
 29459 | Vaults:1 | 29459 ||| DROPPING +4 Cigotuvi's embrace {Corpsefed rMiasma
                  | Drain rN+}.
 29492 | Vaults:2 | Received a gift from Okawaru
 29499 | Vaults:2 | 29499 ||| STAIRDANCE
 29511 | Vaults:1 | 29511 ||| DROPPING +0 pair of gloves of strength.
 29741 | Vaults:2 | Paralysed by a great orb of eyes for 4 turns
 29884 | Vaults:2 | Identified the +1 quick blade of the Spheres {freeze, rPois
                  | Str-4 Int-3 SInv}
 29958 | Vaults:2 | 29958 ||| Stepping ~*~*~tactically~*~*~ (outnumbered).
 29962 | Vaults:2 | 29962 ||| Stepping ~*~*~tactically~*~*~ (outnumbered).
 29964 | Vaults:2 | 29964 ||| Stepping ~*~*~tactically~*~*~ (outnumbered).
 29966 | Vaults:2 | 29966 ||| Stepping ~*~*~tactically~*~*~ (outnumbered).
 29970 | Vaults:2 | 29970 ||| Stepping ~*~*~tactically~*~*~ (outnumbered).
 30017 | Vaults:2 | 30017 ||| FLEEEEING.
 30018 | Vaults:2 | 30018 ||| FLEEEEING.
 30019 | Vaults:2 | 30019 ||| FLEEEEING.
 30020 | Vaults:2 | 30020 ||| FLEEEEING.
 30021 | Vaults:2 | 30021 ||| FLEEEEING.
 30022 | Vaults:2 | 30022 ||| FLEEEEING.
 30025 | Vaults:2 | 30025 ||| FLEEEEING.
 30026 | Vaults:2 | 30026 ||| FLEEEEING.
 30027 | Vaults:2 | 30027 ||| FLEEEEING.
 30028 | Vaults:2 | 30028 ||| FLEEEEING.
 30029 | Vaults:2 | 30029 ||| FLEEEEING.
 30030 | Vaults:2 | 30030 ||| FLEEEEING.
 30031 | Vaults:2 | 30031 ||| FLEEEEING.
 30033 | Vaults:2 | 30033 ||| FLEEEEING.
 30034 | Vaults:2 | 30034 ||| FLEEEEING.
 30035 | Vaults:2 | 30035 ||| FLEEEEING.
 30036 | Vaults:2 | 30036 ||| FLEEEEING.
 30037 | Vaults:2 | 30037 ||| FLEEEEING.
 30038 | Vaults:2 | 30038 ||| FLEEEEING.
 30039 | Vaults:2 | 30039 ||| FLEEEEING.
 30040 | Vaults:2 | 30040 ||| FLEEEEING.
 30043 | Vaults:2 | 30043 ||| FLEEEEING.
 30044 | Vaults:2 | 30044 ||| FLEEEEING.
 30045 | Vaults:2 | 30045 ||| FLEEEEING.
 30046 | Vaults:2 | 30046 ||| FLEEEEING.
 30047 | Vaults:2 | 30047 ||| FLEEEEING.
 30048 | Vaults:2 | 30048 ||| FLEEEEING.
 30049 | Vaults:2 | 30049 ||| FLEEEEING.
 30050 | Vaults:2 | 30050 ||| FLEEEEING.
 30051 | Vaults:2 | 30051 ||| FLEEEEING.
 30052 | Vaults:2 | 30052 ||| FLEEEEING.
 30053 | Vaults:2 | 30053 ||| FLEEEEING.
 30054 | Vaults:2 | 30054 ||| FLEEEEING.
 30055 | Vaults:2 | 30055 ||| FLEEEEING.
 30056 | Vaults:2 | 30056 ||| FLEEEEING.
 30057 | Vaults:2 | 30057 ||| FLEEEEING.
 30058 | Vaults:2 | 30058 ||| FLEEEEING.
 30059 | Vaults:2 | 30059 ||| FLEEEEING.
 30060 | Vaults:2 | 30060 ||| FLEEEEING.
 30061 | Vaults:2 | 30061 ||| FLEEEEING.
 30062 | Vaults:2 | 30062 ||| FLEEEEING.
 30063 | Vaults:2 | 30063 ||| FLEEEEING.
 30064 | Vaults:2 | 30064 ||| FLEEEEING.
 30065 | Vaults:2 | 30065 ||| FLEEEEING.
 30068 | Vaults:2 | 30068 ||| FLEEEEING.
 30069 | Vaults:2 | 30069 ||| FLEEEEING.
 30070 | Vaults:2 | 30070 ||| FLEEEEING.
 30071 | Vaults:2 | 30071 ||| FLEEEEING.
 30072 | Vaults:2 | 30072 ||| FLEEEEING.
 30073 | Vaults:2 | 30073 ||| FLEEEEING.
 30074 | Vaults:2 | 30074 ||| FLEEEEING.
 30075 | Vaults:2 | 30075 ||| FLEEEEING.
 30078 | Vaults:2 | 30078 ||| FLEEEEING.
 30079 | Vaults:2 | 30079 ||| FLEEEEING.
 30080 | Vaults:2 | 30080 ||| FLEEEEING.
 30081 | Vaults:2 | 30081 ||| FLEEEEING.
 30082 | Vaults:2 | 30082 ||| FLEEEEING.
 30083 | Vaults:2 | 30083 ||| FLEEEEING.
 30084 | Vaults:2 | 30084 ||| FLEEEEING.
 30085 | Vaults:2 | 30085 ||| STAIRDANCE
 30292 | Vaults:2 | 30292 ||| STAIRDANCE
 30434 | Vaults:2 | 30434 ||| RIP BAZAAR
 30445 | Vaults:2 | 30445 ||| PLANNING VAULTS:1-4
 30469 | Vaults:2 | 30469 ||| INVOKING Heroism.
 30580 | Vaults:2 | 30580 ||| INVOKING Heroism.
 30583 | Vaults:2 | Reached skill level 15 in Dodging
 30714 | Vaults:2 | 30714 ||| Stepping ~*~*~tactically~*~*~ (outnumbered).
 30715 | Vaults:2 | 30715 ||| Stepping ~*~*~tactically~*~*~ (outnumbered).
 30719 | Vaults:2 | 30719 ||| INVOKING Heroism.
 30732 | Vaults:2 | 30732 ||| INVOKING Heroism.
 30733 | Vaults:2 | Paralysed by a great orb of eyes for 2 turns
 30738 | Vaults:2 | Reached XP level 20. HP: 63/139 MP: 20/27
 30965 | Vaults:2 | 30965 ||| FLEEEEING.
 30966 | Vaults:2 | 30966 ||| FLEEEEING.
 31334 | Vaults:3 | 31334 ||| FLEEEEING.
 31335 | Vaults:3 | 31335 ||| FLEEEEING.
 31336 | Vaults:3 | 31336 ||| FLEEEEING.
 31344 | Vaults:3 | Reached skill level 20 in Fighting
 31345 | Vaults:3 | 31345 ||| Stepping ~*~*~tactically~*~*~ (outnumbered).
 31658 | Vaults:3 | Found the +3 pair of seven-league boots {Rampage+∞}
 31741 | Vaults:3 | Received a gift from Okawaru
 31953 | Vaults:3 | 31953 ||| Stepping ~*~*~tactically~*~*~ (outnumbered).
 31955 | Vaults:3 | 31955 ||| Stepping ~*~*~tactically~*~*~ (outnumbered).
 31995 | Vaults:3 | 31995 ||| FLEEEEING.
 32034 | Vaults:3 | Found a staircase to the Crypt.
 32059 | Vaults:3 | Identified the +1 cloak of Honour {Str+3} (Okawaru gifted
                  | it to you on level 3 of the Vaults)
 32059 | Vaults:3 | Received a gift from Okawaru
 32264 | Vaults:3 | 32264 ||| INVOKING Finesse.
 32316 | Vaults:3 | 32316 ||| INVOKING Heroism.
 32370 | Vaults:3 | 32370 ||| Stepping ~*~*~tactically~*~*~ (outnumbered).
 32373 | Vaults:3 | 32373 ||| Stepping ~*~*~tactically~*~*~ (outnumbered).
 32375 | Vaults:3 | 32375 ||| Stepping ~*~*~tactically~*~*~ (outnumbered).
 32376 | Vaults:3 | 32376 ||| Stepping ~*~*~tactically~*~*~ (outnumbered).
 32378 | Vaults:3 | 32378 ||| Stepping ~*~*~tactically~*~*~ (outnumbered).
 32382 | Vaults:3 | 32382 ||| Stepping ~*~*~tactically~*~*~ (outnumbered).
 32626 | Vaults:3 | 32626 ||| INVOKING Heroism.
 32649 | Vaults:3 | 32649 ||| UPGRADING to +3 pair of seven-league boots
                  | {Rampage+∞}.
 32659 | Vaults:3 | 32659 ||| DROPPING +1 cloak of Honour {Str+3}.
 32660 | Vaults:3 | 32660 ||| DROPPING +1 pair of boots.
 32725 | Vaults:4 | 32725 ||| Stepping ~*~*~tactically~*~*~ (outnumbered).
 32739 | Vaults:4 | 32739 ||| INVOKING Heroism.
 32742 | Vaults:4 | Reached skill level 12 in Armour
 33003 | Vaults:4 | 33003 ||| INVOKING Heroism.
 33004 | Vaults:4 | 33004 ||| Stepping ~*~*~tactically~*~*~ (outnumbered).
 33019 | Vaults:4 | 33019 ||| INVOKING Finesse.
 33087 | Vaults:4 | 33087 ||| FLEEEEING.
 33088 | Vaults:4 | 33088 ||| FLEEEEING.
 33089 | Vaults:4 | 33089 ||| FLEEEEING.
 33090 | Vaults:4 | 33090 ||| STAIRDANCE
 33322 | Vaults:4 | 33322 ||| FLEEEEING.
 33324 | Vaults:4 | 33324 ||| FLEEEEING.
 33327 | Vaults:4 | 33327 ||| FLEEEEING.
 33328 | Vaults:4 | 33328 ||| FLEEEEING.
 33329 | Vaults:4 | 33329 ||| FLEEEEING.
 33330 | Vaults:4 | 33330 ||| FLEEEEING.
 33331 | Vaults:4 | 33331 ||| FLEEEEING.
 33332 | Vaults:4 | 33332 ||| FLEEEEING.
 33335 | Vaults:4 | 33335 ||| STAIRDANCE
 33442 | Vaults:4 | Identified the +2 pair of gloves "Vuang" {rF+ Will+}
                  | (Okawaru gifted it to you on level 4 of the Vaults)
 33442 | Vaults:4 | Received a gift from Okawaru
 33458 | Vaults:4 | Reached skill level 21 in Fighting
 33613 | Vaults:4 | Found Ulligeghont's Jewellery Emporium.
 33619 | Vaults:4 | 33619 ||| UPGRADING to +2 pair of gloves "Vuang" {rF+
                  | Will+}.
 33631 | Vaults:4 | Reached XP level 21. HP: 143/148 MP: 28/28
 33655 | Vaults:4 | 33655 ||| DROPPING +2 pair of gloves.
 33686 | Vaults:4 | Identified the +2 leather armour of Hoebiuq {Will+}
 33688 | Vaults:4 | 33688 ||| DROPPING +2 leather armour of Hoebiuq {Will+}.
 33756 | Vaults:4 | Identified the +2 short sword of Honour {drain, *Corrode
                  | Int+2 Dex+5 SInv}
 33846 | Vaults:4 | Identified the +2 ring mail "Cuadghozy" {-Tele rPois Will+}
 33865 | Vaults:4 | 33865 ||| DROPPING +2 ring mail "Cuadghozy" {-Tele rPois
                  | Will+}.
 33993 | Vaults:4 | 33993 ||| INVOKING Heroism.
 34244 | Vaults:4 | 34244 ||| PLANNING SWAMP:4
 34244 | Vaults:4 | 34244 ||| DROPPING +6 ring of intelligence.
 34535 | Swamp:4  | Entered Level 4 of the Swamp
 34723 | Swamp:4  | 34723 ||| Stepping ~*~*~tactically~*~*~ (outnumbered).
 34725 | Swamp:4  | 34725 ||| Stepping ~*~*~tactically~*~*~ (outnumbered).
 34731 | Swamp:4  | 34731 ||| Stepping ~*~*~tactically~*~*~ (outnumbered).
 34740 | Swamp:4  | Identified the +2 hat of the Arena {Str+4 Int-5 Dex+3}
                  | (Okawaru gifted it to you on level 4 of the Swamp)
 34740 | Swamp:4  | Received a gift from Okawaru
 34895 | Swamp:4  | 34895 ||| Stepping ~*~*~tactically~*~*~ (outnumbered).
 34896 | Swamp:4  | 34896 ||| Stepping ~*~*~tactically~*~*~ (outnumbered).
 34898 | Swamp:4  | 34898 ||| Stepping ~*~*~tactically~*~*~ (outnumbered).
 34900 | Swamp:4  | 34900 ||| Stepping ~*~*~tactically~*~*~ (outnumbered).
 34944 | Swamp:4  | Reached skill level 18 in Dodging
 35005 | Swamp:4  | 35005 ||| Stepping ~*~*~tactically~*~*~ (outnumbered).
 35008 | Swamp:4  | 35008 ||| Stepping ~*~*~tactically~*~*~ (outnumbered).
 35010 | Swamp:4  | 35010 ||| Stepping ~*~*~tactically~*~*~ (outnumbered).
 35012 | Swamp:4  | 35012 ||| Stepping ~*~*~tactically~*~*~ (outnumbered).
 35013 | Swamp:4  | 35013 ||| Stepping ~*~*~tactically~*~*~ (outnumbered).
 35014 | Swamp:4  | 35014 ||| Stepping ~*~*~tactically~*~*~ (outnumbered).
 35032 | Swamp:4  | Got a decaying rune of Zot
 35045 | Swamp:4  | 35045 ||| Stepping ~*~*~tactically~*~*~ (outnumbered).
 35047 | Swamp:4  | 35047 ||| Stepping ~*~*~tactically~*~*~ (outnumbered).
 35050 | Swamp:4  | 35050 ||| Stepping ~*~*~tactically~*~*~ (outnumbered).
 35052 | Swamp:4  | 35052 ||| Stepping ~*~*~tactically~*~*~ (outnumbered).
 35062 | Swamp:4  | 35062 ||| INVOKING Heroism.
 35228 | Swamp:4  | 35228 ||| PLANNING DEPTHS
 35228 | Swamp:4  | 35228 ||| UPGRADING to +2 hat of the Arena {Str+4 Int-5
                  | Dex+3}.
 35238 | Swamp:4  | 35238 ||| DROPPING +2 helmet.
 35577 | Depths:1 | Entered Level 1 of the Depths
 35612 | Depths:1 | 35612 ||| INVOKING Heroism.
 35647 | Depths:1 | Noticed Nikola
 35665 | Depths:1 | Killed Nikola
 35685 | Depths:1 | 35685 ||| INVOKING Heroism.
 35686 | Depths:1 | 35686 ||| INVOKING Finesse.
 35732 | Depths:1 | Found a one-way gateway to a ziggurat.
 35750 | Depths:1 | Found Pyodwur's Jewellery Emporium.
 35851 | Depths:1 | 35851 ||| INVOKING Heroism.
 35872 | Depths:1 | 35872 ||| INVOKING Finesse.
 35894 | Depths:1 | 35894 ||| Stepping ~*~*~tactically~*~*~ (outnumbered).
 35986 | Depths:1 | Found Xagh's Weapon Shop.
 36114 | Depths:1 | Found Ligeporu's General Store.
 36162 | Depths:1 | Found a gateway to Hell.
 36215 | Depths:1 | 36215 ||| Stepping ~*~*~tactically~*~*~ (outnumbered).
 36217 | Depths:1 | 36217 ||| Stepping ~*~*~tactically~*~*~ (outnumbered).
 36304 | Depths:2 | 36304 ||| INVOKING Heroism.
 36305 | Depths:2 | 36305 ||| STAIRDANCE
 36307 | Depths:1 | 36307 ||| DRINKING 9 potions of curing.
 36307 | Depths:1 | 36307 ||| (to cure confusion)
 36310 | Depths:1 | Reached XP level 22. HP: 156/156 MP: 27/29
 36319 | Depths:2 | 36319 ||| INVOKING Finesse.
 36321 | Depths:2 | Reached skill level 22 in Fighting
 36367 | Depths:2 | 36367 ||| INVOKING Heroism.
 36405 | Depths:2 | Found a one-way gate leading to the halls of Pandemonium.
 36469 | Depths:2 | 36469 ||| INVOKING Heroism.
 36541 | Depths:2 | 36541 ||| Stepping ~*~*~tactically~*~*~ (outnumbered).
 36543 | Depths:2 | 36543 ||| Stepping ~*~*~tactically~*~*~ (outnumbered).
 36545 | Depths:2 | 36545 ||| Stepping ~*~*~tactically~*~*~ (outnumbered).
 36546 | Depths:2 | 36546 ||| INVOKING Heroism.
 36571 | Depths:2 | Identified the +2 buckler "Nuutuog" {rC+ rN+}
 36572 | Depths:2 | Noticed a juggernaut
 36573 | Depths:2 | 36573 ||| INVOKING Finesse.
 36578 | Depths:2 | Killed a juggernaut
 36673 | Depths:2 | 36673 ||| READING 14 scrolls of identify.
 36673 | Depths:2 | 36673 ||| IDENTIFYING black potion
 36674 | Depths:2 | 36674 ||| DRINKING potion of experience.
 36674 | Depths:2 | Reached XP level 23. HP: 162/162 MP: 30/30
 36714 | Depths:1 | Found Utaqab's Jewellery Boutique.
 36719 | Depths:1 | 36719 ||| BUYING ring "Quocenic" {rF+++ rCorr MP+9 Dex+2
                  | SInv} (1140 gold).
 36719 | Depths:1 | Bought the ring "Quocenic" {rF+++ rCorr MP+9 Dex+2 SInv}
                  | for 1140 gold pieces
 36733 | Depths:1 | 36733 ||| INVOKING Finesse.
 36739 | Depths:1 | Received a gift from Okawaru
 36760 | Depths:1 | 36760 ||| DROPPING +2 triple crossbow of flaming.
 36831 | Depths:1 | 36831 ||| UPGRADING to ring "Quocenic" {rF+++ rCorr MP+9
                  | Dex+2 SInv}.
 37119 | Depths:2 | 37119 ||| INVOKING Finesse.
 37265 | Depths:2 | 37265 ||| INVOKING Heroism.
 37266 | Depths:2 | 37266 ||| INVOKING Finesse.
 37314 | Depths:2 | 37314 ||| INVOKING Heroism.
 37315 | Depths:2 | 37315 ||| INVOKING Finesse.
 37367 | Depths:2 | Reached skill level 23 in Fighting
 37639 | Depths:2 | 37639 ||| Stepping ~*~*~tactically~*~*~ (outnumbered).
 37641 | Depths:2 | 37641 ||| Stepping ~*~*~tactically~*~*~ (outnumbered).
 37643 | Depths:2 | 37643 ||| Stepping ~*~*~tactically~*~*~ (outnumbered).
 37773 | Depths:2 | 37773 ||| DROPPING +2 helmet.
 37807 | Depths:3 | 37807 ||| INVOKING Heroism.
 37808 | Depths:3 | 37808 ||| INVOKING Finesse.
 37811 | Depths:3 | 37811 ||| Stepping ~*~*~tactically~*~*~ (outnumbered).
 37878 | Depths:3 | Found a one-way gate to the infinite horrors of the Abyss.
 37976 | Depths:3 | 37976 ||| INVOKING Heroism.
 37977 | Depths:3 | 37977 ||| INVOKING Finesse.
 37984 | Depths:3 | Identified the +7 great sword of Experimentation {heavy,
                  | *Noise rC+ Will++ Dex+3} (Okawaru gifted it to you on level
                  | 3 of the Depths)
 37984 | Depths:3 | Received a gift from Okawaru
 38061 | Depths:3 | Found Puezxesa's Jewellery Emporium.
 38066 | Depths:3 | Found Kovoumunn's Book Boutique.
 38067 | Depths:3 | Found Eloest's Jewellery Emporium.
 38077 | Depths:3 | 38077 ||| BUYING ring of Soesizot {rPois Will+ rCorr Dex+4}
                  | (853 gold).
 38077 | Depths:3 | Bought the ring of Soesizot {rPois Will+ rCorr Dex+4} for
                  | 853 gold pieces
 38100 | Depths:3 | 38100 ||| INVOKING Heroism.
 38101 | Depths:3 | 38101 ||| INVOKING Finesse.
 38309 | Depths:3 | 38309 ||| Stepping ~*~*~tactically~*~*~ (outnumbered).
 38360 | Depths:3 | Reached skill level 24 in Fighting
 38397 | Depths:3 | 38397 ||| INVOKING Heroism.
 38649 | Depths:3 | 38649 ||| INVOKING Heroism.
 38777 | Depths:3 | 38777 ||| Stepping ~*~*~tactically~*~*~ (outnumbered).
 38807 | Depths:3 | 38807 ||| UPGRADING to ring of Soesizot {rPois Will+ rCorr
                  | Dex+4}.
 38883 | Depths:4 | Entered Level 4 of the Depths
 38914 | Depths:4 | Reached XP level 24. HP: 137/173 MP: 30/30
 38914 | Depths:4 | 38914 ||| INVOKING Finesse.
 38941 | Depths:4 | 38941 ||| Stepping randomly (disturbance).
 38943 | Depths:4 | 38943 ||| Stepping randomly (disturbance).
 39043 | Depths:4 | 39043 ||| Stepping ~*~*~tactically~*~*~ (outnumbered).
 39051 | Depths:4 | 39051 ||| Stepping ~*~*~tactically~*~*~ (outnumbered).
 39059 | Depths:4 | 39059 ||| Stepping ~*~*~tactically~*~*~ (outnumbered).
 39065 | Depths:4 | 39065 ||| INVOKING Heroism.
 39224 | Depths:4 | 39224 ||| INVOKING Heroism.
 39378 | Depths:4 | 39378 ||| Stepping ~*~*~tactically~*~*~ (outnumbered).
 39380 | Depths:4 | 39380 ||| Stepping ~*~*~tactically~*~*~ (outnumbered).
 39432 | Depths:4 | Identified the +3 leather armour of Generosity {rF- Will+
                  | Regen+}
 39494 | Depths:4 | Found a shadowy altar of Dithmenos.
 39499 | Depths:4 | 39499 ||| INVOKING Heroism.
 39500 | Depths:4 | 39500 ||| INVOKING Finesse.
 39774 | Depths:4 | Noticed Frederick
 39775 | Depths:4 | 39775 ||| Stepping ~*~*~tactically~*~*~ (outnumbered).
 39776 | Depths:4 | 39776 ||| Stepping ~*~*~tactically~*~*~ (outnumbered).
 39780 | Depths:4 | 39780 ||| INVOKING Heroism.
 39781 | Depths:4 | 39781 ||| INVOKING Finesse.
 39785 | Depths:4 | Killed Frederick
 39818 | Depths:4 | 39818 ||| Stepping ~*~*~tactically~*~*~ (outnumbered).
 39824 | Depths:4 | Identified the +6 storm dragon scales of the Desert {Harm
                  | rElec rPois Will+} (Okawaru gifted it to you on level 4 of
                  | the Depths)
 39824 | Depths:4 | Received a gift from Okawaru
 39832 | Depths:4 | 39832 ||| INVOKING Heroism.
 39852 | Depths:4 | 39852 ||| Stepping ~*~*~tactically~*~*~ (outnumbered).
 39900 | Depths:4 | Found a gate to the Realm of Zot.
 40082 | Depths:4 | 40082 ||| PLANNING VAULTS:5
 40082 | Depths:4 | 40082 ||| UPGRADING to +3 leather armour of Generosity {rF-
                  | Will+ Regen+}.
 40092 | Depths:4 | 40092 ||| DROPPING +2 ring mail of poison resistance.
 40355 | Vaults:5 | Entered Level 5 of the Vaults
 40358 | Vaults:5 | 40358 ||| INVOKING Heroism.
 40366 | Vaults:5 | Reached skill level 25 in Fighting
 40383 | Vaults:5 | HP: 40/176 [vault guard/+2 long sword of protection (13)]
 40384 | Vaults:5 | 40384 ||| READING 7 scrolls of teleportation.
 40398 | Vaults:5 | 40398 ||| INVOKING Heroism.
 40409 | Vaults:5 | Noticed a dread lich
 40414 | Vaults:5 | Killed a dread lich
 40422 | Vaults:5 | 40422 ||| INVOKING Heroism.
 40633 | Vaults:5 | Noticed an ancient lich
 40634 | Vaults:5 | 40634 ||| INVOKING Heroism.
 40645 | Vaults:5 | Killed an ancient lich
 40663 | Vaults:5 | 40663 ||| DRINKING 4 potions of resistance.
 40666 | Vaults:5 | 40666 ||| INVOKING Finesse.
 40678 | Vaults:5 | 40678 ||| INVOKING Heroism.
 40681 | Vaults:5 | 40681 ||| FLEEEEING.
 40682 | Vaults:5 | 40682 ||| FLEEEEING.
 40684 | Vaults:5 | Reached skill level 21 in Dodging
 40684 | Vaults:5 | 40684 ||| FLEEEEING.
 40685 | Vaults:5 | 40685 ||| FLEEEEING.
 40690 | Vaults:5 | 40690 ||| FLEEEEING.
 40691 | Vaults:5 | 40691 ||| FLEEEEING.
 40692 | Vaults:5 | 40692 ||| STAIRDANCE
 40826 | Vaults:5 | 40826 ||| INVOKING Heroism.
 40883 | Vaults:5 | Identified the +5 dagger of the Eternal Void {drain, rF+
                  | Dex+2}
 40927 | Vaults:5 | 40927 ||| Stepping ~*~*~tactically~*~*~ (outnumbered).
 40929 | Vaults:5 | 40929 ||| Stepping ~*~*~tactically~*~*~ (outnumbered).
 40932 | Vaults:5 | 40932 ||| Stepping ~*~*~tactically~*~*~ (outnumbered).
 40999 | Vaults:5 | 40999 ||| Stepping ~*~*~tactically~*~*~ (outnumbered).
 41014 | Vaults:5 | Identified the staff of an ossuary {rC+ rN+ Int+2 Ice}
 41022 | Vaults:5 | Reached XP level 25. HP: 182/182 MP: 30/30
 41024 | Vaults:5 | Identified the +4 orcbow of Innocence {elec, Str+2}
 41095 | Vaults:5 | Identified the +6 whip "Omiol" {freeze, rC+ rN+ Int-5
                  | Stlth+}
 41130 | Vaults:5 | 41130 ||| Stepping ~*~*~tactically~*~*~ (outnumbered).
 41172 | Vaults:5 | Identified the +4 pair of boots of Peckouto {rC+} (Okawaru
                  | gifted it to you on level 5 of the Vaults)
 41172 | Vaults:5 | Received a gift from Okawaru
 41186 | Vaults:5 | 41186 ||| INVOKING Heroism.
 41258 | Vaults:5 | 41258 ||| INVOKING Heroism.
 41258 | Vaults:5 | Noticed a dread lich
 41259 | Vaults:5 | 41259 ||| INVOKING Finesse.
 41269 | Vaults:5 | Killed a dread lich
 41327 | Vaults:5 | Identified the +3 quarterstaff "Sopothiz" {freeze, rF+
                  | Will+ Str+4 Dex-2}
 41328 | Vaults:5 | 41328 ||| Stepping ~*~*~tactically~*~*~ (outnumbered).
 41329 | Vaults:5 | 41329 ||| INVOKING Heroism.
 41335 | Vaults:5 | Reached skill level 26 in Fighting
 41437 | Vaults:5 | 41437 ||| Stepping ~*~*~tactically~*~*~ (outnumbered).
 41439 | Vaults:5 | 41439 ||| Stepping ~*~*~tactically~*~*~ (outnumbered).
 41456 | Vaults:5 | Got a silver rune of Zot
 41678 | Vaults:5 | 41678 ||| INVOKING Heroism.
 41765 | Vaults:5 | 41765 ||| PLANNING SHOPPING SPREE
 41765 | Vaults:5 | 41765 ||| DROPPING +1 ring mail of cold resistance.
 41766 | Vaults:5 | 41766 ||| UPGRADING to +4 pair of boots of Peckouto {rC+}.
 41776 | Vaults:5 | 41776 ||| DROPPING +3 pair of seven-league boots
                  | {Rampage+∞}.
 41777 | Vaults:5 | 41777 ||| DROPPING +2 ring mail of positive energy.
 41778 | Vaults:5 | 41778 ||| DROPPING ring of resist corrosion.
 41779 | Vaults:5 | 41779 ||| UPGRADING to ring "Quocenic" {rF+++ rCorr MP+9
                  | Dex+2 SInv}.
 42215 | Snake:4  | 42215 ||| BUYING ring of Sif Hoaxiott {rF+ Will+ Str+2
                  | Dex+3 Stlth+} (784 gold).
 42215 | Snake:4  | Bought the ring of Sif Hoaxiott {rF+ Will+ Str+2 Dex+3
                  | Stlth+} for 784 gold pieces
 42215 | Snake:4  | 42215 ||| CLEARING SHOPPING LIST
 42215 | Snake:4  | 42215 ||| PLANNING ZOT:1-4
 42625 | Zot:1    | Entered Level 1 of the Realm of Zot
 42628 | Zot:1    | 42628 ||| STAIRDANCE
 43028 | Zot:1    | 43028 ||| INVOKING Heroism.
 43031 | Zot:1    | 43031 ||| Stepping ~*~*~tactically~*~*~ (outnumbered).
 43034 | Zot:1    | 43034 ||| Stepping ~*~*~tactically~*~*~ (outnumbered).
 43042 | Zot:1    | 43042 ||| Stepping ~*~*~tactically~*~*~ (outnumbered).
 43057 | Zot:1    | HP: 34/185 [golden dragon (26)]
 43057 | Zot:1    | HP: 13/185 [green draconian/+2 vampiric long sword (16)]
 43058 | Zot:1    | 43058 ||| READING 7 scrolls of teleportation.
 43062 | Zot:1    | 43062 ||| INVOKING Heroism.
 43062 | Zot:1    | HP: 11/185 [moth of wrath (6)]
 43069 | Zot:1    | HP: 11/185 [green draconian/+2 vampiric long sword (7)]
 43087 | Zot:1    | 43087 ||| INVOKING Heroism.
 43144 | Zot:1    | 43144 ||| INVOKING Heroism.
 43414 | Zot:1    | 43414 ||| Stepping ~*~*~tactically~*~*~ (outnumbered).
 43415 | Zot:1    | 43415 ||| Stepping ~*~*~tactically~*~*~ (outnumbered).
 43417 | Zot:1    | 43417 ||| Stepping ~*~*~tactically~*~*~ (outnumbered).
 43421 | Zot:1    | 43421 ||| Stepping ~*~*~tactically~*~*~ (outnumbered).
 43498 | Zot:2    | 43498 ||| INVOKING Heroism.
 43541 | Zot:2    | 43541 ||| Stepping ~*~*~tactically~*~*~ (outnumbered).
 43543 | Zot:2    | 43543 ||| Stepping ~*~*~tactically~*~*~ (outnumbered).
 43552 | Zot:2    | 43552 ||| Stepping ~*~*~tactically~*~*~ (outnumbered).
 43603 | Zot:2    | 43603 ||| INVOKING Heroism.
 43675 | Zot:2    | 43675 ||| Stepping ~*~*~tactically~*~*~ (cloud).
 43731 | Zot:2    | 43731 ||| INVOKING Heroism.
 43785 | Zot:2    | 43785 ||| INVOKING Heroism.
 43864 | Zot:2    | 43864 ||| INVOKING Heroism.
 43874 | Zot:2    | Noticed Grunn
 43884 | Zot:2    | Reached skill level 27 in Fighting
 43885 | Zot:2    | Found the +4 dragonskin cloak
 43885 | Zot:2    | Noticed Tiamat
 43896 | Zot:2    | Killed Grunn
 43909 | Zot:2    | 43909 ||| INVOKING Finesse.
 43914 | Zot:2    | HP: 46/187 [white draconian stormcaller/+0 rapier[Tiamat]
                  | (4)]
 43914 | Zot:2    | HP: 3/187 [Tiamat/+4 glaive (43)]
 43915 | Zot:2    | 43915 ||| READING 6 scrolls of teleportation.
 43923 | Zot:2    | Mangled by Tiamat

Levels and vault maps discovered:
D:1:      ncdulo_wetmaze, layout_loops_ring
D:2:      layout_rooms, grunt_ministairs_5
D:3:      layout_loops_corners, cheibriados_altar_1, okawaru_gym_becter,
          serial_rivers, chequers_serial_rivers_micro_c,
          chequers_serial_rivers_large_b, chequers_serial_rivers_small_3,
          chequers_serial_rivers_micro_d, minmay_statues_item,
          corexii_hall_statues_l, uniq_robin
D:4:      layout_basic, bloody_trog, uniq_natasha
D:5:      layout_loops_ring, mainiacjoe_overflow_paths, temple_fountains
D:6:      layout_cave_pools, mainiacjoe_overflow_small_starburst,
          general_overflow_altar, grunt_decor_clamped,
          nicolae_twisty_statue_hallways
D:7:      layout_cave_pools, makhleb_heckhound_becter,
          grunt_temple_overflow_open, minivault_25, st_stairs_8
D:8:      layout_loops_ring, grunt_lair_entry_orc_guard_hut, serial_shops, shop,
          uniq_maggie
D:9:      minmay_octagon_keep, layout_basic, minivault_5,
          minmay_misc_feat_enclosed, minmay_misc_feat_rows
D:10:     layout_cave_pools, fedhas_bush_and_centaur_altar,
          nicolae_two_hexagons, kennysheep_windowed_goal
D:11:     cheibrodos_shockbox, layout_basic, hiddenorc2_lemuel, serial_shops,
          shop, gammafunk_ghost_icy, nicolae_demonic_statue_gallery
D:12:     layout_rooms
D:13:     layout_stronghold, grunt_vaults_entry_fortified
D:14:     layout_gridville, kennysheep_decorative_pillar, uniq_azrael
D:15:     hangedman_depths_entry_try_elsewhere_first, layout_cross,
          dreamdust_wishing_well, nzn_hepliaklqana_mist_gate
Lair:1:   layout_loops_ring, nicolae_lair_lil_pond, lemuel_old_faithful,
          lemuel_fruit_fields, serial_bayou_shore_a
Lair:2:   cheibrodos_lair_river_kwai, layout_cave_pods,
          grunt_forest_large_clearing_hut
Lair:3:   layout_gridlike, swamp_mist, minmay_snake_entry_guardpost_large,
          serial_bayou_pond_b
Lair:4:   layout_hall_layers, uniq_nessos
Lair:5:   guppyfry_lair_end_dragon, layout_small_grid, slime_entry_1,
          lemuel_fruit_tree, uniq_rupert
Swamp:1:  nicolae_swamp_wrong_neighborhood, layout_basic_swamp,
          nicolae_swamp_feature_on_the_river_bank, infiniplex_staircase_pool_2
Swamp:2:  layout_basic_swamp, evilmike_swamp_ruin_rubble_2
Swamp:3:  layout_basic_swamp, evilmike_swamp_ruin_house_1, roderic_carrion_pond,
          uniq_kirke, uniq_aizul
Swamp:4:  swamp_basic_johnstein, layout_basic_swamp
Snake:1:  layout_onion_interference, nrook_loot_triangle, uniq_louise,
          uniq_asterion
Snake:2:  nicolae_snakescales, layout_chambers,
          gammafunk_ghost_wrathful_warriors, minmay_shoptagon, uniq_vashnia,
          uniq_roxanne
Snake:3:  layout_chambers, portal_ice_cave_entry_ugly_swarm,
          grunt_ministairs_14, hangedman_snake_corridor_split
Snake:4:  grunt_snake_rune_spirals, layout_onion_interference, serial_shops,
          shop, nicolae_shop_overgrown_old_shop, nicolae_shop_stone,
          nicolae_shop_waterfront, nicolae_shop_trees, minmay_shop_grid_forest
Orc:1:    layout_diamond_mine
Orc:2:    grunt_orc_tribal_feast, layout_diamond_mine
Vaults:1: nicolae_vaults_trapezoid_lopsided_3, hangedman_vaults_pinch,
          v_misc_15, nicolae_vaults_house_3, st_check,
          nicolae_vaults_layer_cake_slice, nicolae_vaults_big_angled_halls,
          ontoclasm_vaults_idyll, nicolae_vaults_theta, dpeg_vaults_monster_box,
          vaults_dpeg_diagonal, nicolae_vaults_gold_heap,
          layout_vaults_chaotic_city
Vaults:2: vaults_room_door_hall, hangedman_vaults_stream,
          nicolae_vaults_six-pack, ontoclasm_vaults_spin, vaults_room_grid,
          nicolae_vaults_tetromino_L_1, nicolae_vaults_closet_pinwheel_1,
          ontoclasm_vaults_bender, vaults_dpeg_emergency_exit,
          nicolae_vaults_network_s, nicolae_vaults_shipping_containers_5,
          nicolae_vaults_trapezoid_4, layout_vaults_ring, serial_shops,
          bzr_entry_safe
Vaults:3: nicolae_vaults_mini_display_case, v_misc_12,
          nicolae_vaults_network_periphery, v_rooms_6, ontoclasm_vaults_hangar,
          nicolae_vaults_tetromino_T_2, nicolae_vaults_little_squares_2,
          grunt_vaults_hallway_long, grunt_vaults_hallway_short,
          nicolae_vaults_tetromino_Z_1, nicolae_vaults_offset_grid_hallway_1,
          layout_vaults_omnigrid, dummy_crypt_entry
Vaults:4: nicolae_vaults_trapezoid_3, nicolae_vaults_closet_pinwheel_6,
          ontoclasm_vaults_ring_large, grunt_vaults_swirl,
          dpeg_vaults_monster_row, nicolae_vaults_fighting_squares,
          hangedman_vaults_capsules, v_pattern_5, v_misc_9, v_misc_15,
          ontoclasm_vaults_idyll, layout_vaults_maze_bifur, serial_shops,
          nicolae_shop_hallway_plus
Vaults:5
Depths:1: layout_honeycomb, enter_ziggurat_c, kennysheep_flooded_box,
          serial_shops, nicolae_shop_gaudy_bauble, nicolae_shop_crystal, shop,
          shop, pf_coc_iceberg, grunt_ministairs_4,
          hangedman_abyss_or_decor_passed, skrybe_limestone_x, uniq_nikola
Depths:2: four-leaf_vault, layout_twisted_cross, pan_entry,
          minmay_strange_pillars, lightli_too_deep,
          minmay_fractal_squares_gapless_7
Depths:3: constructs_gauntlet_mu_hangedman, layout_basic,
          pf_vacation_house_of_asmodeus, abyss_entry, minmay_misc_feat_doors,
          minmay_shop_grove, infiniplex_staircase_spiral_double
Depths:4: grunt_zot_entry_alcove, layout_basic,
          nicolae_dithmenos_through_a_glass_darkly, hellmouth_1,
          marbit_kobold_abyss_entry, uniq_frederick
Zot:1:    layout_gridlike
Zot:2:    regret_index_qazlal_generations, layout_gridlike, uniq_tiamat,
          uniq_grunn

Skill      XL: |  1  2  3  4  5  6  7  8  9 10 11 12 13 14 15 16 17 18 19 20 21 22 23 24 25 |
---------------+----------------------------------------------------------------------------+-----
Ranged Weapons | 3 4 5 6 7 9 11 12 13 15 17 18 20 21 22 | 22.0
Fighting       | 2 3 4 5 7 8 9 10 11 12 13 15 16 18 19 21 22 24 25 27 | 27.0
Armour         | 1 3 4 5 6 8 9 11 12 13 | 13.0
Invocations    | 3 4 7 10 11 | 11.6
Dodging        | 2 5 6 7 9 10 11 12 13 15 16 18 19 21 | 21.4
Spellcasting   | |  1.0
Hexes          | |  2.6

Action                     |  1- 3 |  4- 6 |  7- 9 | 10-12 | 13-15 | 16-18 | 19-21 | 22-24 | 25-27 || total
---------------------------+-------+-------+-------+-------+-------+-------+-------+-------+-------++-------
   Fire: Sling             |   138 |   301 |   244 |       |       |       |       |       |       ||   683
         Hand crossbow     |       |       |   139 |   365 |    75 |       |       |       |       ||   579
         Orcbow            |       |       |    15 |       |       |       |       |       |       ||    15
         Longbow           |       |       |       |       |   600 |       |       |       |       ||   600
         Triple crossbow   |       |       |       |       |   266 |   809 |   944 |   764 |   334 ||  3117
 Invoke: Heroism           |       |       |     9 |    28 |    25 |    35 |    17 |    21 |    13 ||   148
         Finesse           |       |       |       |     1 |     5 |     6 |     6 |    13 |     2 ||    33
    Use: Scroll            |       |     4 |    11 |     8 |    15 |     7 |       |     2 |     2 ||    49
         Potion            |       |     1 |     5 |       |     3 |     4 |     1 |     2 |       ||    16
 Armour: Robe              |    13 |       |       |   115 |   156 |    57 |       |       |       ||   341
         Ring mail         |    16 |   145 |   301 |     3 |       |       |       |       |       ||   465
         Leather armour    |       |       |       |       |       |   142 |    43 |    59 |    78 ||   322
         Troll leather arm |       |       |       |       |       |       |   157 |   113 |       ||   270
  Dodge: Dodged            |    46 |   137 |   295 |   305 |   471 |   889 |   702 |   956 |   468 ||  4269

Table legend:
 A = Non-vault XP
 B = Vault XP
 C = Vault XP percentage of total XP
 D = Non-vault monster count
 E = Vault monster count
 F = Vault count percentage of total count
                 A         B        C        D         E       F
            +---------+---------+-------+---------+---------+-------
      Total |  567254 |  398740 |  41.3 |    1236 |     565 |  31.4
            +---------+---------+-------+---------+---------+-------
        D:1 |      49 |       0 |   0.0 |      32 |       0 |   0.0
        D:2 |      86 |       2 |   2.3 |      25 |       1 |   3.8
        D:3 |      71 |      30 |  29.7 |      22 |       8 |  26.7
        D:4 |     440 |      35 |   7.4 |      23 |       1 |   4.2
        D:5 |     890 |       0 |   0.0 |      23 |       0 |   0.0
        D:6 |     728 |       0 |   0.0 |      19 |       0 |   0.0
        D:7 |     701 |     106 |  13.1 |      19 |       2 |   9.5
        D:8 |    2311 |     791 |  25.5 |      39 |       5 |  11.4
        D:9 |    2175 |    1315 |  37.7 |      19 |      13 |  40.6
       D:10 |    2957 |     161 |   5.2 |      18 |       2 |  10.0
       D:11 |    1730 |    1905 |  52.4 |      15 |      40 |  72.7
       D:12 |    4560 |       0 |   0.0 |      23 |       0 |   0.0
       D:13 |    5952 |    6622 |  52.7 |      11 |      10 |  47.6
       D:14 |   13032 |    2536 |  16.3 |      31 |       9 |  22.5
       D:15 |   10153 |    2820 |  21.7 |      19 |       4 |  17.4
     Lair:1 |    6139 |       0 |   0.0 |      32 |       0 |   0.0
     Lair:2 |    8596 |    2368 |  21.6 |      35 |       7 |  16.7
     Lair:3 |   10809 |    1628 |  13.1 |      33 |       8 |  19.5
     Lair:4 |    7007 |    1032 |  12.8 |      29 |       1 |   3.3
     Lair:5 |    8826 |    5780 |  39.6 |      28 |      18 |  39.1
    Swamp:1 |    8165 |    4017 |  33.0 |      14 |       4 |  22.2
    Swamp:2 |    5697 |       0 |   0.0 |      15 |       0 |   0.0
    Swamp:3 |   13879 |    2985 |  17.7 |      29 |       4 |  12.1
    Swamp:4 |   16679 |   21732 |  56.6 |      26 |      33 |  55.9
    Snake:1 |   14794 |    3002 |  16.9 |      33 |       2 |   5.7
    Snake:2 |   24637 |   13728 |  35.8 |      49 |      19 |  27.9
    Snake:3 |   12111 |   17967 |  59.7 |      23 |      32 |  58.2
    Snake:4 |   25480 |   30636 |  54.6 |      55 |      39 |  41.5
      Orc:1 |    4199 |       0 |   0.0 |      42 |       0 |   0.0
      Orc:2 |    1073 |    7599 |  87.6 |      15 |      30 |  66.7
   Vaults:1 |   31968 |   14074 |  30.6 |      48 |      16 |  25.0
   Vaults:2 |   38235 |   19368 |  33.6 |      53 |      24 |  31.2
   Vaults:3 |   26140 |   15344 |  37.0 |      41 |      20 |  32.8
   Vaults:4 |   40720 |   37555 |  48.0 |      56 |      46 |  45.1
   Vaults:5 |   10948 |   99496 |  90.1 |      17 |      85 |  83.3
   Depths:1 |   25253 |    7885 |  23.8 |      28 |       7 |  20.0
   Depths:2 |   30673 |   30096 |  49.5 |      35 |      27 |  43.5
   Depths:3 |   37488 |    6863 |  15.5 |      46 |      14 |  23.3
   Depths:4 |   50485 |   23509 |  31.8 |      67 |      23 |  25.6
      Zot:1 |   30002 |       0 |   0.0 |      25 |       0 |   0.0
      Zot:2 |   31416 |   15753 |  33.4 |      24 |      11 |  31.4
            +---------+---------+-------+---------+---------+-------
